 Dungeon Crawl Stone Soup version 0.25.1-2-g60ff931df9 (webtiles) character file.

Game seed: 4097556327782103499

984292 DildoBatman the Petrodigitator (level 27, -24/224 HPs)
             Began as a Formicid Wizard on Sept 18, 2020.
             Was an Initiate of Gozag.
             Killed by the air
             ... invoked by Somiz's ghost
              (50 damage)
             ... on level 23 of a ziggurat on Sept 20, 2020.
             The game lasted 05:38:48 (71919 turns).

DildoBatman the Petrodigitator (Formicid Wizard)   Turns: 71919, Time: 05:38:49

Health: -24/224    AC: 31    Str: 13    XL:     27
Magic:  35/51      EV: 36    Int: 30    God:    Gozag
Gold:   11484      SH: 23    Dex: 16    Spells: 8/65 levels left

rFire    + + +     SeeInvis +   c - +1 mace of Byuwapha {elec, rF++ rC+}
rCold    + + +     Gourm    .   I - +0 tower shield
rNeg     + + +     Faith    .   o - +4 troll leather armour
rPois    ∞         Spirit   .   (helmet unavailable)
rElec    +         Reflect  .   y - +2 cloak
rCorr    +         Harm     .   B - +2 pair of gloves {Dex+3}
MR       +++..     Clarity  +   f - +2 pair of boots {run}
Stlth    ++++......             m - amulet of Cufah {RegenMP rF+ rC+ Slay-4}
HPRegen  0.87/turn              j - ring "Rotunaic" {*Drain +Fly rElec EV+4 Dex+4}
MPRegen  0.57/turn              G - ring of Phasing {EV+8}

@: mighty, brilliant, lich-form, resistant, tornado, darkness, gold aura, stab,
flying, very slightly contaminated, studying Bows, invisible, quick
A: permanent stasis, dig shafts and tunnels, four strong arms, antennae 3,
iridescent scales 1, clarity, high mp 1, mutation resistance 1, wild magic 1
}: 4/15 runes: serpentine, barnacled, silver, golden
a: Dig, Shaft Self, End Transformation, Potion Petition, Call Merchant, Bribe
Branch, Renounce Religion


You were on level 23 of a ziggurat.
You worshipped Gozag.
Gozag was extremely pleased with you.
You were not hungry.
You were a lich.
You visited 10 branches of the dungeon, and saw 46 of its levels.
You visited 2 ziggurats (completing 1), and saw 50 of their levels.
You also visited: Sewer, Ossuary and Ice Cave.

You collected 51059 gold pieces.
You spent 3921 gold pieces at shops.
You paid 35654 gold pieces to Gozag.

Inventory:

Hand Weapons
 b - the +6 battleaxe of Joyful Slaughter {freeze, Int+5}
   (You found it on level 8 of a ziggurat)

   It has been specially enchanted to freeze those struck by it, causing extra
   injury to most foes and up to half again as much damage against particularly
   susceptible opponents.
   It can also slow down cold-blooded creatures.
   It affects your intelligence (+5).
 c - the +1 mace of Byuwapha (weapon) {elec, rF++ rC+}
   (You took it off a deep elf annihilator on level 3 of the Elven Halls)

   Occasionally, upon striking a foe, it will discharge some electrical energy
   and cause terrible harm.
   It greatly protects you from fire.
   It protects you from cold.
 d - the +8 falchion of Wylax {drain, Dex+9}
   (You found it on level 3 of the Crypt)

   A truly terrible weapon, it drains the life of those it strikes.
   It affects your dexterity (+9).
 g - the +14 obsidian axe {vorpal, +Fly SInv *Curse}
   (You found it on level 24 of a ziggurat)

   It inflicts extra damage upon your enemies.
   It lets you see invisible.
   It lets you fly.
   It curses itself when equipped.
 C - the +7 lajatang of Order {silver, rMut}
   (You found it on level 14 of a ziggurat)

   It protects you from mutation.
Missiles
 W - 21 throwing nets (quivered)
 Y - 32 silver javelins
Armour
 f - a +2 pair of boots of running (worn)
 o - a +4 troll leather armour (worn)
 y - a +2 cloak (worn)
 B - a +2 pair of gloves of dexterity (worn)
 I - a +0 tower shield (worn)
Magical Staves
 a - an uncursed staff of energy
Jewellery
 j - the ring "Rotunaic" (left hand) {*Drain +Fly rElec EV+4 Dex+4}
   (You found it on level 3 of the Crypt)

   [ring of evasion]

   It affects your evasion (+4).
   It affects your dexterity (+4).
   It insulates you from electricity.
   It lets you fly.
   It causes draining when unequipped.
 m - the amulet of Cufah (around neck) {RegenMP rF+ rC+ Slay-4}
   (You found it on level 10 of a ziggurat)

   [amulet of magic regeneration]

   It increases your magic regeneration.
   It affects your accuracy and damage with ranged weapons and melee attacks
   (-4).
   It protects you from fire.
   It protects you from cold.
 G - the ring of Phasing (right hand) {EV+8}
   (You found it on level 10 of a ziggurat)

   [ring of evasion]

   It affects your evasion (+8).
 R - the ring "Ratogod" {*Contam Str+2 Int+8 Slay-5 Stlth-}
   (You found it on level 4 of the Shoals)

   [ring of attention]

   It affects your strength (+2).
   It affects your intelligence (+8).
   It affects your accuracy and damage with ranged weapons and melee attacks
   (-5).
   It causes magical contamination when unequipped.
   It makes you less stealthy.
 Z - the ring "Giuveble" {rF++ rC+}
   (You found it on level 25 of a ziggurat)

   [ring of protection from cold]

   It greatly protects you from fire.
   It protects you from cold.
Wands
 p - a wand of acid (5)
 s - a wand of iceblast (49)
 t - a wand of clouds (18)
Scrolls
 k - a scroll of torment
 n - 2 scrolls of summoning
 q - 11 scrolls of immolation
 x - 38 scrolls of remove curse
 z - 47 scrolls of identify
 A - 5 scrolls of amnesia
 E - 8 scrolls of holy word
 H - 32 scrolls of enchant armour
 O - 22 scrolls of fog
Potions
 e - 25 potions of mutation
 h - 11 potions of might
 l - 5 potions of ambrosia
 r - 3 potions of experience
 u - 24 potions of curing
 J - 13 potions of cancellation
 L - 2 potions of invisibility
 N - 4 potions of resistance
 P - 3 potions of magic
 T - 10 potions of brilliance
 U - 17 potions of heal wounds
Books
 D - a manual of Bows
Miscellaneous
 i - 26 boxes of beasts
 K - 20 phantom mirrors
 M - a phial of floods
 Q - a lightning rod (4/4)
Comestibles
 v - 50 rations


   Skills:
 * Level 19.8 Fighting
   Level 2.0 Polearms
 * Level 11.6 Bows
 * Level 19.7 Armour
 * Level 16.6 Dodging
 * Level 8.8 Stealth
 * Level 24.3 Shields
 * Level 19.8 Spellcasting
 - Level 6.0 Conjurations
 - Level 10.0 Hexes
 - Level 8.0 Charms
 - Level 8.0 Summonings
 - Level 19.0 Necromancy
 - Level 5.0 Translocations
 - Level 19.0 Transmutations
 - Level 5.0 Fire Magic
 - Level 8.0 Ice Magic
 O Level 27 Air Magic
 O Level 27 Earth Magic
 - Level 12.0 Evocations


You had 8 spell levels left.
You knew the following spells:

 Your Spells              Type           Power        Failure   Level  Hunger
a - Borgnjor's Vile Clut  Necr/Erth      #########.   1%          5    N/A
b - Shatter               Erth           #########.   4%          9    N/A
c - Tornado               Air            #########.   4%          9    N/A
d - Necromutation         Tmut/Necr      #########.   7%          8    N/A
e - Bolt of Magma         Conj/Fire/Erth ########..   1%          5    N/A
f - Lee's Rapid Deconstr  Erth           #########.   1%          5    N/A
g - Ozocubu's Armour      Chrm/Ice       ########     1%          3    N/A
h - Darkness              Hex            ########..   6%          6    N/A
i - Aura of Abjuration    Summ           ########..   3%          5    N/A
z - Shroud of Golubria    Chrm/Tloc      ######       1%          2    N/A

Your spell library contained the following spells:

 Spells                   Type           Power        Failure   Level  Hunger
 Animate Skeleton         Necr           N/A          1%          1    N/A
 Apportation              Tloc           ######       1%          1    N/A
 Beastly Appendage        Tmut           ######       1%          1    N/A
 Corona                   Hex            #######      1%          1    N/A
 Foxfire                  Conj/Fire      ####         1%          1    N/A
 Freeze                   Ice            ####         1%          1    N/A
 Infusion                 Chrm           ####         1%          1    N/A
 Magic Dart               Conj           ####         1%          1    N/A
 Pain                     Necr           ####         1%          1    N/A
 Sandblast                Erth           ######       1%          1    N/A
 Shock                    Conj/Air       ####         1%          1    N/A
 Sting                    Tmut/Pois      ####         1%          1    N/A
 Summon Butterflies       Summ           ########     1%          1    N/A
 Summon Small Mammal      Summ           ####         1%          1    N/A
 Call Imp                 Summ           ########     1%          2    N/A
 Corpse Rot               Necr/Air       N/A          1%          2    N/A
 Ensorcelled Hibernation  Hex/Ice        ######       1%          2    N/A
 Passwall                 Tmut/Erth      ########     1%          2    N/A
 Poisonous Vapours        Pois/Air       ######       1%          2    N/A
 Searing Ray              Conj           ######       1%          2    N/A
 Slow                     Hex            ########     1%          2    N/A
 Song of Slaying          Chrm           ########     1%          2    N/A
 Sticks to Snakes         Tmut           ########     1%          2    N/A
 Sublimation of Blood     Necr           #########.   1%          2    N/A
 Call Canine Familiar     Summ           ########     1%          3    N/A
 Confusing Touch          Hex            ########     1%          3    N/A
 Conjure Flame            Conj/Fire      #######.     1%          3    N/A
 Dazzling Flash           Conj/Hex       ######       1%          3    N/A
 Frozen Ramparts          Ice            ######       1%          3    N/A
 Gell's Gravitas          Tloc           #######...   1%          3    N/A
 Ignite Poison            Fire/Tmut/Pois ########     1%          3    N/A
 Inner Flame              Hex/Fire       #######.     1%          3    N/A
 Lesser Beckoning         Tloc           #######...   1%          3    N/A
 Mephitic Cloud           Conj/Pois/Air  ########     1%          3    N/A
 Portal Projectile        Hex/Tloc       ######       1%          3    N/A
 Recall                   Summ/Tloc      N/A          1%          3    N/A
 Spider Form              Tmut/Pois      ########..   1%          3    N/A
 Static Discharge         Conj/Air       ########     1%          3    N/A
 Stone Arrow              Conj/Erth      ######       1%          3    N/A
 Summon Guardian Golem    Hex/Summ       ########     1%          3    N/A
 Teleport Other           Tloc           #######.     1%          3    N/A
 Tukima's Dance           Hex            ########     1%          3    N/A
 Vampiric Draining        Necr           #########.   1%          3    N/A
 Airstrike                Air            #########.   1%          4    N/A
 Animate Dead             Necr           N/A          1%          4    N/A
 Cause Fear               Hex            ########..   1%          4    N/A
 Dispel Undead            Necr           ########     1%          4    N/A
 Fulminant Prism          Conj/Hex       ########..   1%          4    N/A
 Hailstorm                Conj/Ice       #######.     1%          4    N/A
 Ice Form                 Ice/Tmut       ########     1%          4    N/A
 Leda's Liquefaction      Hex/Erth       ########..   1%          4    N/A
 Petrify                  Tmut/Erth      ########     1%          4    N/A
 Summon Ice Beast         Ice/Summ       ########     1%          4    N/A
 Summon Lightning Spire   Summ/Air       ########     1%          4    N/A
 Agony                    Necr           ########     1%          5    N/A
 Alistair's Intoxication  Tmut/Pois      ########     1%          5    N/A
 Blade Hands              Tmut           ########..   1%          5    N/A
 Excruciating Wounds      Chrm/Necr      ########..   1%          5    N/A
 Irradiate                Conj/Tmut      ########..   1%          5    N/A
 Lightning Bolt           Conj/Air       ########..   1%          5    N/A
 Silence                  Hex/Air        ########..   1%          5    N/A
 Yara's Violent Unravell  Hex/Tmut       ########..   1%          5    N/A
 Conjure Ball Lightning   Conj/Air       ########..   1%          6    N/A
 Death Channel            Necr           #########.   1%          6    N/A
 Freezing Cloud           Conj/Ice/Air   ########..   1%          6    N/A
 Hydra Form               Tmut           ########..   1%          6    N/A
 Iron Shot                Conj/Erth      ########..   1%          6    N/A
 Simulacrum               Ice/Necr       ########..   1%          6    N/A
 Statue Form              Tmut/Erth      ########.    1%          6    N/A
 Dragon Form              Tmut           ########..   1%          7    N/A
 Metabolic Englaciation   Hex/Ice        ########..   2%          5    N/A
 Summon Mana Viper        Hex/Summ       ########     2%          5    N/A
 Iskenderun's Mystic Bla  Conj/Tloc      #######.     3%          4    N/A
 Passage of Golubria      Tloc           N/A          3%          4    N/A
 Sticky Flame             Conj/Fire      #######.     3%          4    N/A
 Summon Demon             Summ           ########..   3%          5    N/A
 Iskenderun's Battlesphe  Conj/Chrm      #######.     4%          5    N/A
 Summon Forest            Summ/Tloc      #######...   4%          5    N/A
 Invisibility             Hex            ########     6%          6    N/A
 Fireball                 Conj/Fire      #######...   7%          5    N/A
 Borgnjor's Revivificati  Necr           #########.   7%          8    N/A
 Infestation              Necr           #########.   7%          8    N/A
 Eringya's Noxious Bog    Tmut/Pois      ########..   8%          6    N/A
 Haunt                    Necr/Summ      ########..   8%          7    N/A
 Ozocubu's Refrigeration  Ice            ########..   13%         6    N/A
 Shadow Creatures         Summ           N/A          13%         6    N/A
 Chain Lightning          Conj/Air       ########..   16%         8    N/A
 Lehudib's Crystal Spear  Conj/Erth      ########..   16%         8    N/A
 Olgreb's Toxic Radiance  Pois           ######..     21%         4    N/A
 Starburst                Conj/Fire      #######...   32%         6    N/A
 Dispersal                Tloc           #######...   36%         6    N/A
 Death's Door             Chrm/Necr      ########..   45%         8    N/A
 Monstrous Menagerie      Summ           ########..   52%         7    N/A
 Summon Greater Demon     Summ           ########..   52%         7    N/A
 Summon Hydra             Summ           ########..   52%         7    N/A
 Malign Gateway           Summ/Tloc      #######...   73%         7    N/A
 Ring of Flames           Chrm/Fire      #######...   73%         7    N/A
 Discord                  Hex            ########..   89%         8    N/A
 Summon Horrible Things   Summ           ########..   99%         8    N/A
 Disjunction              Tloc           #######...   100%        8    N/A
 Ignition                 Fire           #######...   100%        8    N/A
 Absolute Zero            Ice            ########..   100%        9    N/A
 Dragon's Call            Summ           ########..   100%        9    N/A
 Fire Storm               Conj/Fire      #######...   100%        9    N/A
 Blink                    Tloc           Unusable     N/A         2    N/A
 Swiftness                Chrm/Air       Unusable     N/A         2    N/A
 Controlled Blink         Tloc           Unusable     N/A         8    N/A

Dungeon Overview and Level Annotations

Branches:
Dungeon (15/15)            Temple (1/1) D:4            Lair (6/6) D:8
 Shoals (4/4) Lair:3        Snake (4/4) Lair:3        Slime (0/5) Lair:6
    Orc (2/2) D:10            Elf (3/3) Orc:2        Vaults (5/5) D:13
  Crypt (3/3) Vaults:3       Tomb (3/3) Crypt:3      Depths (0/5) D:15
  Sewer (visited)         Ossuary (visited)           IceCv (visited)

Altars:
Ashenzari
Cheibriados
Dithmenos
Elyvilon
Fedhas
Gozag
Hepliaklqana
Kikubaaqudgha
Makhleb
Nemelex Xobeh
Okawaru
Qazlal
Ru
Sif Muna
Trog
Uskayaw
Vehumet
Wu Jian
Xom
Yredelemnul
Zin
The Shining One
Beogh

Shops:
D:5 [   D:7 ?   D:8 (   Orc:2 !!}(   Shoals:1 (:[   Shoals:2 [   Snake:2 [
Snake:4 ?}?[(   Tomb:3 (((*[([

Annotations:
D:15 exclusion: downstairs
Zig:23 BoringLoser's ghost, veteran TeAE; Huju's ghost, legendary HOFi; Jariy's ghost, veteran DDMo; Likado's ghost, legendary GnSk; MrChinwatt's ghost, legendary DsWn; Somiz's ghost, legendary FoFi; reasonance's ghost, legendary HOMo; scarywalker64's ghost, legendary GrEE; swap's ghost, legendary DEFE


Innate Abilities, Weirdness & Mutations

You cannot be hasted, slowed, berserked, paralysed or teleported.
You can dig through walls and to a lower floor.
Your four strong arms can wield two-handed weapons with a shield.
You have a pair of large antennae on your head. (SInv)
You are partially covered in iridescent scales. (AC +2)
You possess an exceptional clarity of mind.
You have an increased reservoir of magic. (+10% MP)
You are somewhat resistant to further mutation.
Your spells are a little harder to cast, but a little more powerful.


Message History

Swap's ghost becomes distracted by the nearby gold, dreaming of imaginary riches.
Huju's ghost becomes distracted by the nearby gold, dreaming of imaginary riches.
Huju's ghost turns its malevolent gaze towards you.
BoringLoser's ghost turns its malevolent gaze towards you.
Casting: Tornado (dangerous; 4% risk of failure)
Confirm with . or Enter, or press ? or * to list all spells.
You feel a surge of power!
A great vortex of raging winds appears around you.
Swap's ghost turns its malevolent gaze towards you.
Huju's ghost is no longer distracted by gold.
The revenant blinks!
Jariy's ghost becomes distracted by the nearby gold, dreaming of imaginary riches.
Scarywalker64's ghost mumbles some strange words.
Scarywalker64's ghost blinks!
You block reasonance's ghost's attack.
Somiz's ghost is engulfed in blazing flames.
Somiz's ghost waves its arms in wide circles.
The air twists around and violently strikes you in flight!!!
You die...
Your body crumbles into a pile of gold.

▓▓▓▓▓▓▓▓▓▓▓▓▓.........
▓§§§W§LW§W§§..........
▓§§§§§§§§§e§.........W
▓§§§§WW§§§§§..○.......
▓§§§§L§§§WWL..........
▓§§§§§§§§§§W..{.......
▓§§Z§§§§§§§§..{.......
▓§§§§§§§§§§§.3.D......
▓§§§§§§§§§§§{e........
▓§W§§§§§§§§.....W.....
▓.{........v{.........
▓.....................
▓............$........


You could see a revenant, a deep elf death mage, a spectral titan (summoned),
BoringLoser's ghost, Huju's ghost, Jariy's ghost (unaware), MrChinwatt's ghost,
Somiz's ghost, reasonance's ghost (swift), scarywalker64's ghost and swap's
ghost (tornado).

Vanquished Creatures
  15 ancient liches
  Mennas (Vaults:4)
  9 juggernauts
  Sojobo (Vaults:4)
  46 greater mummies
  Bai Suzhen (Shoals:2)
  Boris (twice) (Vaults:4 Tomb:2)
  18 Killer Klowns
  Frederick (Crypt:2)
  3 shard shrikes (Zig:22)
  A curse toe (Zig:23)
  6 caustic shrikes
  Nikola (Shoals:3)
  4 profane servitors
  23 pandemonium lords
  4 golden dragons (Zig:22)
  Jory (Vaults:5)
  6 bone dragons
  2 iron giants (Zig:13)
  A hellephant (Zig:5)
  7 Brimstone Fiends
  A Hell Sentinel (Zig:21)
  Jorgrun (Orc:2)
  10 Tzitzimimeh
  7 liches
  11 electric golems
  Asterion (Snake:1)
  A quicksilver dragon (shapeshifter) (Zig:23)
  6 Ice Fiends
  7 tentacled monstrosities
  13 titans
  10 deep elf master archers
  The ghost of straszyg the Severer, an adept MiBe of Trog (Snake:4)
  10 deep elf blademasters
  16 sphinxes
  4 quicksilver dragons
  9 acid blobs (Zig:19)
  A kraken (Shoals:4)
  Polyphemus (Shoals:3)
  4 Executioners (Zig:21)
  Roxanne (Snake:3)
  22 ancient champions
  Frances (Snake:1)
  5 shadow dragons
  7 tentacled starspawn
  9 storm dragons
  The ghost of Lowuerix the Fighter, a journeyman TrCj of Sif Muna (Snake:2)
  Kirke (Snake:2)
  A shadow dragon (shapeshifter) (Zig:14)
  7 tengu reavers
  7 draconian monks (Zig:24)
  Donald (Vaults:2)
  6 revenants
  9 warmongers
  3 fire giants (shapeshifter)
  40 nagarajas
  An azure jelly (Zig:19)
  Aizul (Lair:3)
  5 frost giants
  12 draconian knights
  2 azure jellies (shapeshifter)
  30 ghost moths
  6 draconian scorchers
  5 deep elf sorcerers
  10 balrugs
  8 fire giants
  11 curse skulls
  7 iron dragons
  22 vault wardens
  A deep elf elementalist (Vaults:5)
  An iron dragon (shapeshifter) (Zig:23)
  9 emperor scorpions
  2 frost giants (shapeshifter) (Zig:14)
  5 cacodemons
  3 draconian stormcallers (Zig:24)
  A caustic shrike zombie (Zig:22)
  26 orc warlords
  An emperor scorpion (shapeshifter) (Vaults:4)
  13 reapers
  4 ghouls
  13 ironheart preservers
  8 draconian shifters
  6 draconian annihilators
  29 stone giants
  3 juggernaut zombies
  2 juggernaut skeletons
  9 war gargoyles
  6 very ugly things
  5 blood saints
  3 black draconians
  3 green draconians
  8 corrupters
  9 black suns
  11 vampire knights
  23 entropy weavers
  20 bennus
  The ghost of Taneteq the Unseen, a journeyman SpEn of Dithmenos (Snake:3)
  15 deep elf demonologists
  5 red draconians
  5 purple draconians
  4 lorocyprocas
  3 dire elephants
  4 dire elephants (shapeshifter)
  16 deep elf annihilators
  5 white draconians
  2 yellow draconians (Zig:24)
  10 spark wasps
  2 crystal guardians
  2 merfolk javelineers
  2 death oozes (Zig:19)
  2 quicksilver dragon zombies (Zig:22)
  15 eidola
  The ghost of Ebobla the Cleaver, a journeyman DsBe of Trog (Orc:1)
  9 green deaths
  3 merfolk impalers
  9 blizzard demons
  11 deep elf death magi
  50 mummy priests
  5 ettins
  Josephine (Lair:6)
  4 great orbs of eyes
  2 jiangshi (Crypt:2)
  42 vault guards
  Fannar (D:11)
  13 deep elf high priests
  5 fire dragons
  12 yaktaur captains
  Harold (D:11)
  2 ghost crabs (Zig:14)
  13 hydras
  20 naga warriors
  An ice dragon (Vaults:1)
  7 hell beasts
  A caustic shrike simulacrum (Zig:17)
  3 shambling mangroves (Zig:14)
  8 spriggan air magi (Zig:15)
  Erolcha (D:9)
  A quicksilver dragon skeleton (Zig:22)
  7 centaur warriors
  2 alligator snapping turtles
  5 death knights
  An anaconda (shapeshifter) (Zig:22)
  18 anacondas
  17 ogre magi
  2 catoblepae
  3 merfolk aquamancers (Shoals:4)
  Erica (D:11)
  7 merfolk avatars
  An alligator (shapeshifter) (Zig:22)
  12 death yaks
  86 death scarabs
  An alligator (Zig:14)
  7 satyrs
  39 two-headed ogres
  A queen ant (Lair:3)
  4 tengu warriors
  A death yak (shapeshifter) (Vaults:5)
  4 thrashing horrors
  A titan zombie (Zig:10)
  9 vampire magi
  An iron golem (Zig:13)
  Urug (D:11)
  2 deep troll earth magi
  14 shock serpents
  23 orc high priests
  11 naga sharpshooters
  7 soul eaters
  2 sun demons
  A hell knight (D:14)
  A storm dragon zombie (Zig:8)
  The ghost of Eitelfritz the Carver, a novice HOFi of Zin (D:8)
  19 skeletal warriors
  5 titan skeletons
  A wretched star (Zig:15)
  29 deep elf knights
  3 fire crabs (Zig:10)
  12 shadow wraiths
  A cherub (Zig:18)
  A sixfirhy (Zig:18)
  24 sea snakes
  5 glowing orange brains
  10 iron trolls
  4 salamander mystics
  An anaconda zombie (Tomb:1)
  4 spatial maelstroms (Zig:15)
  4 golden dragon zombies
  An entropy weaver zombie (Crypt:1)
  12 flayed ghosts
  An unseen horror (shapeshifter) (Vaults:5)
  5 naga ritualists
  2 wizards
  7 deep trolls
  2 storm dragon skeletons (Zig:22)
  2 death drakes (Zig:14)
  4 spriggan druids
  3 obsidian statues
  3 orange crystal statues
  A deep troll (shapeshifter) (Vaults:5)
  21 orc knights
  A sphinx zombie (Zig:20)
  6 swamp dragons (Zig:14)
  5 shadow demons
  3 anaconda skeletons
  An iron giant skeleton (Crypt:2)
  21 ironbrand convokers
  24 deep elf archers
  5 necromancers
  2 harpies (shapeshifter)
  18 harpies
  81 deep elf magi
  3 golden dragon skeletons
  20 large abominations
  22 phantasmal warriors
  11 mana vipers
  A mana viper (shapeshifter) (Zig:13)
  33 wolf spiders
  A stone giant zombie (Zig:8)
  26 ugly things
  35 orb spiders
  3 shadow dragon zombies
  A fire giant zombie (Zig:10)
  An orb spider (shapeshifter) (Vaults:5)
  24 orc sorcerers
  A salamander (shapeshifter) (Zig:22)
  An oklob plant (Lair:6)
  6 shining eyes (Zig:19)
  4 worldbinders
  A shining eye (shapeshifter) (Zig:23)
  17 fauns
  5 cyclopes
  13 salamanders
  12 elephants
  26 moths of wrath
  A moth of wrath (shapeshifter) (Zig:14)
  2 spriggan zombies
  10 manticores
  12 merfolk sirens
  A dire elephant zombie (Crypt:1)
  A frost giant skeleton (Tomb:3)
  10 fire giant skeletons
  44 black mambas
  20 vault sentinels
  3 stone giant skeletons
  4 guardian serpents (shapeshifter)
  13 apocalypse crabs
  10 centaur zombies
  7 rust devils
  15 guardian serpents
  10 water nymphs
  9 gargoyles
  31 naga magi
  13 torpor snails
  A torpor snail (shapeshifter) (Vaults:4)
  An iron dragon skeleton (Zig:20)
  7 ice statues
  7 smoke demons
  A dire elephant skeleton (Tomb:3)
  2 orange demons
  20 spiny frogs
  31 demonic crawlers
  3 hellions
  A catoblepas zombie (D:14)
  28 yaktaurs
  4 efreet (Zig:10)
  4 rime drakes
  A minotaur skeleton (Crypt:2)
  2 komodo dragons (shapeshifter)
  A redback zombie (D:14)
  An ancient zyme (Zig:15)
  18 freezing wraiths
  8 komodo dragons
  A hellwing (Zig:18)
  7 tormentors
  6 ice devils
  2 spriggan skeletons
  A polar bear (shapeshifter) (Vaults:4)
  A harpy zombie (D:14)
  A jumping spider (shapeshifter) (Zig:23)
  25 trolls
  90 guardian mummies
  A meliai (D:13)
  29 merfolk
  8 tyrant leeches
  A red devil (Zig:18)
  26 jumping spiders
  A hydra zombie (Crypt:1)
  10 wind drakes
  15 hornets
  A queen bee (shapeshifter) (Vaults:2)
  16 polar bears
  A merfolk (shapeshifter) (D:15)
  9 raiju
  A raiju (shapeshifter) (Zig:22)
  11 blink frogs
  A wolf spider simulacrum (Tomb:3)
  16 hippogriffs
  5 dream sheep
  11 snapping turtles
  A frost giant simulacrum (Vaults:1)
  2 bog bodies
  39 slime creatures
  A snapping turtle (shapeshifter) (Vaults:4)
  34 flying skulls
  A stone giant simulacrum (Vaults:3)
  A fire dragon zombie (Tomb:2)
  2 meliai zombies
  8 fire dragon skeletons (Crypt:3)
  6 air elementals
  A deep troll skeleton (Zig:1)
  14 starcursed masses
  2 ice dragon skeletons
  18 water elementals
  3 spriggans
  A spriggan (shapeshifter) (Zig:13)
  2 tarantellas (shapeshifter)
  30 tarantellas
  An ettin skeleton (Tomb:2)
  A vampire (D:13)
  27 redbacks
  64 yaks
  4 elf skeletons
  23 wraiths
  9 shadows
  2 alligator skeletons
  A wyvern (Lair:6)
  9 hogs
  34 ushabtiu
  6 ynoxinuls
  A golden eye (shapeshifter) (Zig:23)
  Grum (D:9)
  6 basilisks
  11 chaos spawn
  8 fire elementals
  A hog (shapeshifter) (Zig:23)
  A human (D:13)
  4 neqoxecs
  10 vampire mosquitoes
  A golden eye (Zig:19)
  7 hungry ghosts
  A two-headed ogre zombie (D:13)
  14 soldier ants
  A faun zombie (Crypt:2)
  6 insubstantial wisps
  4 tengu zombies
  13 wargs
  A swamp worm (shapeshifter) (Zig:4)
  An ogre zombie (D:15)
  2 acid dragons
  3 hell hounds (Zig:10)
  53 nagas
  10 porcupines
  2 soldier ants (shapeshifter)
  23 water moccasins
  A meliai simulacrum (D:15)
  A merfolk skeleton (Crypt:2)
  51 orc warriors
  An eye of draining (shapeshifter) (Vaults:1)
  A hornet zombie (D:7)
  2 sky beasts
  2 tengu skeletons
  A spiny frog skeleton (Tomb:3)
  3 swamp drakes (Zig:14)
  5 ice beasts
  2 manticore zombies
  A phantom (D:13)
  6 black bears
  65 ogres
  A black bear (shapeshifter) (Zig:22)
  A boggart (shapeshifter) (Zig:22)
  4 eyes of draining (Zig:19)
  14 centaurs
  5 necrophages
  An ettin simulacrum (Tomb:3)
  A manticore skeleton (Tomb:1)
  27 wolves
  20 crocodiles
  A swamp dragon skeleton (Crypt:1)
  9 elf zombies
  2 big kobolds
  2 cyclops zombies
  32 bullfrogs
  A wyvern zombie (D:6)
  2 gnoll sergeants (D:10)
  14 earth elementals
  A glowing shapeshifter simulacrum (Zig:10)
  3 wyvern skeletons
  6 scorpions
  5 small abominations
  A yak zombie (D:14)
  8 killer bees
  A raiju skeleton (Crypt:2)
  A troll skeleton (D:15)
  A polar bear skeleton (Crypt:2)
  8 wights
  6 electric eels
  3 bullfrog zombies
  24 crimson imps
  4 jellies
  2 hounds
  A quasit (D:14)
  A basilisk zombie (D:14)
  A black bear zombie (D:15)
  A human zombie (Ossuary)
  6 iron imps (Zig:8)
  22 orc priests
  Crazy Yiuf (D:2)
  3 bullfrog skeletons
  30 orc wizards
  5 centaur skeletons
  5 iguanas
  41 worker ants
  A killer bee zombie (D:10)
  6 hound zombies
  A hound skeleton (D:8)
  131 mummies
  2 worker ant zombies
  A howler monkey skeleton (D:8)
  Robin (D:1)
  7 gnolls
  A steam dragon zombie (Crypt:2)
  17 adders
  2 river rats (Sewer)
  6 shadow imps
  17 white imps
  2 adder zombies (Ossuary)
  An adder skeleton (D:8)
  A worm (D:1)
  A dart slug (D:1)
  5 leopard geckos
  A leopard gecko (shapeshifter) (Zig:23)
  108 orcs
  16 ball pythons
  4 giant cockroaches
  16 goblins
  11 hobgoblins
  13 jackals
  3 quokkas
  11 bats
  12 frilled lizards
  2 goblin zombies (Ossuary)
  A hobgoblin skeleton (D:15)
  2 hobgoblin zombies (Ossuary)
  A jackal zombie (D:15)
  16 kobolds
  3 kobold zombies
  A leopard gecko zombie (D:15)
  An orc simulacrum (Crypt:1)
  An orc skeleton (Crypt:1)
  4 orc zombies
  A quokka skeleton (D:4)
  A quokka zombie (D:14)
  7 rats
  A rat zombie (Ossuary)
  9 fire vortices
  3 fungi
  14 plants
4087 creatures vanquished.

Vanquished Creatures (collateral kills)
  An orb of fire (Zig:10)
  A wolf (Lair:3)
  A killer bee (D:13)
3 creatures vanquished.

Vanquished Creatures (others)
  The ghost of Haitsiopt the Axe Maniac, a legendary DsGl of Makhleb (Zig:23)
  2 pandemonium lords (Zig:23)
  A Brimstone Fiend (Zig:13)
  An Ice Fiend (Zig:7)
  2 eldritch tentacles (Zig:23)
  A kraken (Shoals:2)
  A revenant (Zig:23)
  A fire giant (Vaults:3)
  A frost giant (shapeshifter) (Zig:13)
  A warmonger (Zig:7)
  A curse skull (Zig:23)
  A blood saint (Zig:7)
  A dire elephant (shapeshifter) (Zig:23)
  A naga warrior (Snake:4)
  41 dancing weapons
  A merfolk aquamancer (Shoals:4)
  A death yak (IceCv)
  3 deep elf magi
  An ugly thing (Zig:23)
  A manticore (Shoals:3)
  An apocalypse crab (Zig:23)
  4 polar bears (IceCv)
  A yak (IceCv)
  2 nagas (Snake:4)
  An orc wizard (Orc:2)
  7 fire vortices (Zig:23)
  15 fungi
  104 plants
  6 starspawn tentacles (Zig:18)
  31 tentacles
236 creatures vanquished.

Grand Total: 4326 creatures vanquished

Notes
Turn   | Place    | Note
-------+----------+-------------------------------------------
     0 | D:1      | DildoBatman the Formicid Wizard began the quest for the
                  | Orb.
     0 | D:1      | Reached XP level 1. HP: 13/13 MP: 4/4
    23 | D:1      | Reached skill level 1 in Conjurations
   314 | D:1      | Reached XP level 2. HP: 16/19 MP: 0/6
   745 | D:1      | Reached XP level 3. HP: 23/24 MP: 4/7
  1289 | D:2      | Reached XP level 4. HP: 13/30 MP: 5/8
  1385 | D:2      | Noticed Robin
  1573 | D:2      | Learned a level 3 spell: Conjure Flame
  1577 | D:2      | Learned a level 3 spell: Mephitic Cloud
  1923 | D:2      | Found a runed translucent door.
  1924 | D:2      | Noticed Crazy Yiuf
  2237 | D:3      | Found an opulent altar of Gozag.
  2273 | D:3      | Reached XP level 5. HP: 35/35 MP: 9/9
  2828 | D:3      | Reached skill level 5 in Conjurations
  2828 | D:3      | Reached XP level 6. HP: 21/41 MP: 7/10
  3337 | D:4      | Found a staircase to the Ecumenical Temple.
  3370 | Temple   | Entered the Ecumenical Temple
  3446 | Temple   | Became a worshipper of Kikubaaqudgha
  3879 | D:2      | Killed Crazy Yiuf
  4077 | D:1      | Killed Robin
  4147 | D:5      | Entered Level 5 of the Dungeon
  4281 | D:5      | Reached skill level 1 in Fire Magic
  4315 | D:5      | Reached skill level 1 in Air Magic
  4315 | D:5      | Reached XP level 7. HP: 27/46 MP: 9/11
  4652 | D:5      | Found Teskebly's Antique Armour Shop.
  5098 | D:5      | Gained mutation: Potions are less effective at restoring
                  | your health. [potion of mutation]
  5098 | D:5      | Gained mutation: You are frail. (-10% HP) [potion of
                  | mutation]
  5098 | D:5      | Gained mutation: You are partially covered in large bone
                  | plates. (SH +4) [potion of mutation]
  5099 | D:5      | Lost mutation: You are frail. (-10% HP) [potion of
                  | mutation]
  5099 | D:5      | Lost mutation: You are partially covered in large bone
                  | plates. (SH +4) [potion of mutation]
  5099 | D:5      | Gained mutation: You are robust. (+10% HP) [potion of
                  | mutation]
  5099 | D:5      | Gained mutation: Scrolls take you a little longer to read.
                  | [potion of mutation]
  5099 | D:5      | Gained mutation: You have large cloven feet. [potion of
                  | mutation]
  5133 | D:6      | Found a glowing drain.
  5168 | Sewer    | Entered a sewer
  5265 | Sewer    | Reached * piety under Kikubaaqudgha
  5265 | Sewer    | Identified Kikubaaqudgha's Reference Book on Necromancy
                  | (Kikubaaqudgha gifted it to you in a sewer)
  5265 | Sewer    | Received a gift from Kikubaaqudgha
  5516 | D:6      | Reached XP level 8. HP: 33/57 MP: 3/12
  5532 | D:6      | Found a sand-covered staircase.
  5608 | Ossuary  | Entered an ossuary
  6429 | D:7      | Found Emifioku's Magic Scroll Boutique.
  6462 | D:7      | Reached skill level 5 in Fire Magic
  6466 | D:7      | Bought a scroll of noise for 10 gold pieces
  6501 | D:7      | Noticed a hippogriff
  6553 | D:6      | Killed a hippogriff
  6553 | D:6      | Reached skill level 5 in Air Magic
  6553 | D:6      | Reached XP level 9. HP: 16/63 MP: 9/13
  6668 | D:6      | Reached skill level 1 in Fighting
  6668 | D:6      | Reached skill level 1 in Armour
  6784 | D:7      | Reached ** piety under Kikubaaqudgha
  7114 | D:7      | Got a steaming glass ring
  7401 | D:8      | Identified the ring of Uwozxaf {*Tele rC- rN++ Int+4} (You
                  | found it on level 7 of the Dungeon)
  7507 | D:8      | Found Sots's Weapon Boutique.
  7706 | D:8      | Reached XP level 10. HP: 80/80 MP: 14/14
  7780 | D:8      | Reached skill level 5 in Armour
  7804 | D:8      | Found a staircase to the Lair.
  7825 | D:8      | Reached skill level 5 in Fighting
  7828 | D:8      | Reached *** piety under Kikubaaqudgha
  7828 | D:8      | Identified Kikubaaqudgha's Compendium of Unholy Secrets
                  | (Kikubaaqudgha gifted it to you on level 8 of the Dungeon)
  7828 | D:8      | Received a gift from Kikubaaqudgha
  8014 | D:8      | Reached skill level 5 in Dodging
  8014 | D:8      | Reached skill level 1 in Necromancy
  8127 | D:8      | Found a runed translucent door.
  8129 | D:8      | Identified the +3 trident of the Several Youths {freeze,
                  | *Slow +Fly rElec rC+++}
  8130 | D:8      | Noticed Eitelfritz's ghost (novice HOFi)
  8854 | D:9      | Noticed Erolcha
  8898 | D:9      | Killed Erolcha
  9218 | D:9      | Noticed a two-headed ogre
  9295 | D:9      | Killed a two-headed ogre
  9421 | D:9      | Noticed Grum
  9449 | D:9      | Killed Grum
  9694 | D:10     | Entered Level 10 of the Dungeon
  9700 | D:9      | Learned a level 2 spell: Sublimation of Blood
  9704 | D:9      | Learned a level 3 spell: Vampiric Draining
  9709 | D:9      | Learned a level 4 spell: Dispel Undead
  9806 | D:10     | Reached XP level 11. HP: 91/91 MP: 18/18
  9957 | D:10     | Reached skill level 5 in Necromancy
 10239 | D:10     | Reached **** piety under Kikubaaqudgha
 10366 | D:10     | Noticed an orc knight
 10448 | D:10     | Killed an orc knight
 10476 | D:10     | Found a roughly hewn altar of Beogh.
 10476 | D:10     | Found a staircase to the Orcish Mines.
 10870 | D:10     | Reached ***** piety under Kikubaaqudgha
 11307 | Orc:1    | Entered Level 1 of the Orcish Mines
 11307 | Orc:1    | Noticed a cyclops
 11320 | Orc:1    | Reached skill level 1 in Shields
 11320 | Orc:1    | Reached skill level 5 in Spellcasting
 11338 | Orc:1    | Killed a cyclops
 11640 | Orc:1    | Found a runed translucent door.
 11640 | Orc:1    | Noticed Ebobla's ghost (journeyman DsBe)
 11683 | Orc:1    | Reached XP level 12. HP: 64/97 MP: 19/19
 11965 | Orc:2    | Entered Level 2 of the Orcish Mines
 12038 | Orc:2    | Found a staircase to the Elven Halls.
 12067 | Orc:2    | Noticed Jorgrun
 12090 | Orc:2    | Found Toucvyoso's Weapon Shoppe.
 12090 | Orc:2    | Noticed a deep troll
 12090 | Orc:2    | Noticed a two-headed ogre
 12090 | Orc:2    | Noticed a two-headed ogre
 12091 | Orc:2    | Noticed an ogre mage
 12131 | Orc:1    | Killed a deep troll
 12477 | D:8      | Killed Eitelfritz's ghost
 12672 | D:11     | Noticed Erica
 12711 | D:11     | Killed Erica
 12711 | D:11     | Reached skill level 1 in Polearms
 13034 | D:11     | Noticed Fannar
 13200 | D:11     | Killed Fannar
 13526 | D:11     | Noticed Urug
 13542 | D:11     | Killed Urug
 13555 | D:11     | Noticed Harold
 13572 | D:11     | Killed Harold
 13572 | D:11     | Reached XP level 13. HP: 95/112 MP: 2/20
 13851 | D:12     | Reached skill level 10 in Fighting
 13851 | D:12     | Reached skill level 10 in Armour
 14465 | D:13     | Noticed a vault guard
 14482 | D:13     | Noticed a vault guard
 14483 | D:13     | Killed a vault guard
 14491 | D:13     | Killed a vault guard
 14491 | D:13     | Reached skill level 5 in Shields
 14514 | D:13     | Noticed a vault guard
 14546 | D:13     | Killed a vault guard
 14572 | D:13     | Found a frozen archway.
 14595 | D:13     | Reached ****** piety under Kikubaaqudgha
 14645 | D:13     | Received a gift from Kikubaaqudgha
 14679 | D:13     | Noticed a five-headed hydra
 14695 | D:13     | Killed a one-headed hydra
 14721 | IceCv    | Entered an ice cave
 15504 | IceCv    | Noticed a frost giant
 15742 | IceCv    | Killed a frost giant
 15742 | IceCv    | Reached skill level 10 in Necromancy
 15742 | IceCv    | Reached XP level 14. HP: 47/121 MP: 16/26
 15850 | D:13     | Fell from the grace of Kikubaaqudgha
 16118 | D:3      | Became a worshipper of Gozag Ym Sagoz the Greedy
 16462 | D:13     | Reached skill level 1 in Evocations
 16806 | D:13     | Found a gate to the Vaults.
 17628 | D:14     | Lost mutation: Scrolls take you a little longer to read.
                  | [potion of mutation]
 17628 | D:14     | Gained mutation: You are partially covered in slimy green
                  | scales. (AC +2) [potion of mutation]
 17628 | D:14     | Gained mutation: You passively map a small area around you.
                  | [potion of mutation]
 17628 | D:14     | Gained mutation: You have hoof-like feet. [potion of
                  | mutation]
 17906 | D:14     | Reached skill level 5 in Evocations
 17947 | D:14     | Found a huge runed gate.
 17947 | D:14     | Found a huge runed gate.
 17947 | D:14     | Found a huge runed gate.
 17947 | D:14     | Found a huge runed gate.
 17947 | D:14     | Found a huge runed gate.
 17947 | D:14     | Found a huge runed gate.
 17947 | D:14     | Found a huge runed gate.
 18460 | D:14     | Found a huge runed gate.
 18460 | D:14     | Found a huge runed gate.
 18461 | D:14     | Found a huge runed gate.
 18461 | D:14     | Found a huge runed gate.
 18461 | D:14     | Found a huge runed gate.
 18462 | D:14     | Found a huge runed gate.
 18462 | D:14     | Found a huge runed gate.
 18462 | D:14     | Found a huge runed gate.
 18462 | D:14     | Found a huge runed gate.
 18464 | D:14     | Found a huge runed gate.
 18464 | D:14     | Found a huge runed gate.
 18464 | D:14     | Found a huge runed gate.
 18465 | D:14     | Found a huge runed gate.
 18466 | D:14     | Found a huge runed gate.
 18714 | D:14     | Found a huge runed gate.
 18714 | D:14     | Found a huge runed gate.
 18714 | D:14     | Found a huge runed gate.
 18808 | D:14     | Found a roughly hewn altar of Beogh.
 18920 | D:14     | Found a huge runed gate.
 18920 | D:14     | Found a huge runed gate.
 18921 | D:14     | Found a huge runed gate.
 18928 | D:14     | Found a huge runed gate.
 18928 | D:14     | Found a huge runed gate.
 19034 | D:14     | Noticed a stone giant
 19034 | D:14     | Noticed a fire giant
 19034 | D:14     | Noticed a fire giant
 19034 | D:14     | Noticed a stone giant
 19034 | D:14     | Noticed a sphinx
 19035 | D:14     | Noticed a tengu reaver
 19036 | D:14     | Noticed a sphinx
 19043 | D:14     | You fall into a shaft and drop 1 floor!
 19043 | D:15     | Entered Level 15 of the Dungeon
 19349 | D:15     | Was forgiven by Kikubaaqudgha
 20403 | D:15     | Found a staircase to the Depths.
 20509 | D:14     | Killed a sphinx
 20509 | D:14     | Reached XP level 15. HP: 103/126 MP: 25/27
 20665 | D:14     | Killed a sphinx
 20693 | D:14     | Killed a stone giant
 20898 | D:14     | Killed a stone giant
 21076 | D:14     | Killed a fire giant
 21419 | D:14     | Killed a fire giant
 21469 | D:14     | Reached skill level 10 in Spellcasting
 21735 | D:14     | Killed a tengu reaver
 21835 | D:14     | Reached skill level 10 in Evocations
 22279 | Lair:1   | Entered Level 1 of the Lair of Beasts
 23362 | Lair:2   | Learned a level 5 spell: Lee's Rapid Deconstruction
 23367 | Lair:2   | Learned a level 4 spell: Petrify
 23390 | Lair:2   | Reached skill level 1 in Earth Magic
 24878 | Lair:3   | Found a staircase to the Snake Pit.
 25432 | Lair:3   | Reached XP level 16. HP: 134/134 MP: 31/31
 25583 | Lair:3   | Found a staircase to the Shoals.
 25967 | Lair:4   | Reached skill level 5 in Earth Magic
 28082 | Lair:6   | Entered Level 6 of the Lair of Beasts
 28329 | Lair:6   | Reached skill level 10 in Earth Magic
 28541 | Lair:6   | Got an ichor-stained dagger
 28566 | Lair:6   | Noticed Josephine
 28602 | Lair:6   | Killed Josephine
 28886 | Lair:6   | Learned a level 5 spell: Borgnjor's Vile Clutch
 29129 | Lair:6   | Found a staircase to the Slime Pits.
 29137 | Lair:6   | Identified the +7 dagger of Nosugh {holy, rElec rC+ rN+}
                  | (You found it on level 6 of the Lair of Beasts)
 29263 | Lair:6   | Got a dazzling flail
 29315 | Lair:6   | Got a crystal scimitar
 29616 | Lair:6   | Identified the cursed +2 flail of Qeopatav {freeze, +Blink
                  | MR+} (You found it on level 6 of the Lair of Beasts)
 29618 | Lair:6   | Identified the cursed +3 scimitar of Ackucu {pain, *Slow
                  | rF+ Str+2} (You found it on level 6 of the Lair of Beasts)
 29886 | Orc:1    | Killed Ebobla's ghost
 30249 | Orc:2    | Killed Jorgrun
 30249 | Orc:2    | Reached XP level 17. HP: 79/140 MP: 24/33
 30755 | Orc:2    | Found Vaoqe's Gadget Boutique.
 30760 | Orc:2    | Found Awupoosh's Distillery.
 30761 | Orc:2    | Found Xieweola's Distillery.
 30825 | Orc:2    | Bought 2 potions of mutation for 240 gold pieces
 30825 | Orc:2    | Bought a potion of curing for 45 gold pieces
 30825 | Orc:2    | Bought a potion of experience for 750 gold pieces
 30825 | Orc:2    | Bought a potion of heal wounds for 75 gold pieces
 30841 | Orc:2    | Bought a potion of curing for 39 gold pieces
 30841 | Orc:2    | Bought a potion of curing for 39 gold pieces
 30841 | Orc:2    | Bought a potion of curing for 39 gold pieces
 30841 | Orc:2    | Bought a potion of curing for 39 gold pieces
 30841 | Orc:2    | Bought 2 potions of heal wounds for 130 gold pieces
 30841 | Orc:2    | Bought a potion of curing for 39 gold pieces
 30841 | Orc:2    | Bought a potion of resistance for 130 gold pieces
 30841 | Orc:2    | Bought 2 potions of brilliance for 104 gold pieces
 31341 | D:8      | Reached skill level 15 in Earth Magic
 31341 | D:8      | Reached XP level 18. HP: 147/147 MP: 34/34
 31342 | D:8      | Lost mutation: You have hoof-like feet. [potion of
                  | mutation]
 31342 | D:8      | Lost mutation: You have large cloven feet. [potion of
                  | mutation]
 31342 | D:8      | Lost mutation: You passively map a small area around you.
                  | [potion of mutation]
 31342 | D:8      | Gained mutation: Your magical capacity is low. (-10% MP)
                  | [potion of mutation]
 31342 | D:8      | Lost mutation: Your magical capacity is low. (-10% MP)
                  | [potion of mutation]
 31342 | D:8      | Gained mutation: You have an increased reservoir of magic.
                  | (+10% MP) [potion of mutation]
 31342 | D:8      | Gained mutation: You are partially covered in iridescent
                  | scales. (AC +2) [potion of mutation]
 31430 | Snake:1  | Entered Level 1 of the Snake Pit
 31432 | Snake:1  | Noticed Aizul
 31434 | Snake:1  | Noticed Asterion
 31458 | Lair:3   | Killed Aizul
 31604 | Snake:1  | Killed Asterion
 32149 | Snake:1  | Noticed Frances
 32162 | Snake:1  | Killed Frances
 32235 | Snake:1  | Got a transparent bronze ring
 32237 | Snake:1  | Identified the ring of Qigifud {Int+2 SInv} (You found it
                  | on level 1 of the Snake Pit)
 33172 | Snake:2  | Noticed Kirke
 33195 | Snake:2  | Killed Kirke
 33641 | Snake:2  | Found a large runed translucent door.
 33641 | Snake:2  | Found a large runed translucent door.
 33641 | Snake:2  | Noticed Lowuerix's ghost (journeyman TrCj)
 33673 | Snake:2  | Found Coheozxi's Armour Boutique.
 33733 | Snake:2  | Reached XP level 19. HP: 154/154 MP: 29/39
 33912 | Snake:2  | Killed Lowuerix's ghost
 33924 | Snake:2  | Got an encrusted morningstar
 34271 | Snake:3  | Found a runed translucent door.
 34272 | Snake:3  | Found a shimmering altar of Xom.
 34272 | Snake:3  | Noticed Taneteq's ghost (journeyman SpEn)
 34287 | Snake:3  | Noticed Roxanne
 34304 | Snake:3  | Killed Roxanne
 34477 | Snake:3  | Reached skill level 10 in Shields
 34660 | Snake:3  | Killed Taneteq's ghost
 34683 | Snake:4  | Entered Level 4 of the Snake Pit
 34800 | Snake:4  | Identified the +7 mace "Zoskegh" {flame, rPois MP+9 Dex+4}
 34938 | Snake:4  | Found a runed translucent gate.
 34939 | Snake:4  | Found a runed translucent gate.
 34941 | Snake:4  | Found a runed translucent gate.
 35000 | Snake:4  | Identified the +0 morningstar of Currency {venom, *Drain
                  | rPois MR+} (You found it on level 2 of the Snake Pit)
 35412 | Snake:4  | Found Ophyoshru's Magic Scroll Boutique.
 35432 | Snake:4  | Found Kinad's Antique Weapon Shop.
 35432 | Snake:4  | Found Ugutuuti's Gadget Boutique.
 35435 | Snake:4  | Found Yraev's Antique Armour Shop.
 35440 | Snake:4  | Bought a scroll of identify for 34 gold pieces
 35440 | Snake:4  | Bought a scroll of identify for 34 gold pieces
 35440 | Snake:4  | Bought 2 scrolls of enchant armour for 255 gold pieces
 35440 | Snake:4  | Bought a scroll of torment for 127 gold pieces
 35478 | Snake:4  | Found Unwipeq's Magic Scroll Shop.
 35482 | Snake:4  | Bought a scroll of identify for 34 gold pieces
 35482 | Snake:4  | Bought a scroll of identify for 34 gold pieces
 35482 | Snake:4  | Bought 2 scrolls of identify for 68 gold pieces
 35567 | Snake:4  | Reached skill level 15 in Shields
 35571 | Snake:4  | Reached skill level 1 in Transmutations
 35585 | Snake:4  | Reached XP level 20. HP: 61/161 MP: 1/41
 35600 | Snake:4  | Found a runed translucent door.
 35601 | Snake:4  | Noticed straszyg's ghost (adept MiBe)
 36109 | Snake:4  | Reached skill level 5 in Transmutations
 36134 | Snake:4  | Got a serpentine rune of Zot
 36622 | Snake:4  | Killed straszyg's ghost
 36920 | D:7      | Bought a scroll of identify for 20 gold pieces
 36920 | D:7      | Bought a scroll of holy word for 75 gold pieces
 36920 | D:7      | Bought a scroll of identify for 20 gold pieces
 36920 | D:7      | Bought a scroll of identify for 20 gold pieces
 36920 | D:7      | Bought a scroll of identify for 20 gold pieces
 37040 | Shoals:1 | Entered Level 1 of the Shoals
 37058 | Shoals:1 | Found Doobiob's Antique Armour Shoppe.
 37097 | Shoals:1 | You fall into a shaft and drop 1 floor!
 37161 | Shoals:1 | Learned a level 5 spell: Bolt of Magma
 37168 | Shoals:1 | Learned a level 6 spell: Statue Form
 37386 | Shoals:1 | Found Bufof's Book Shoppe.
 37445 | Shoals:1 | Found Kuzelaun's Antique Weapon Shop.
 37497 | Shoals:1 | Found Xaaps's General Store.
 38345 | Shoals:2 | Found Zeogeasm's Armour Shop.
 39146 | Shoals:3 | Noticed Polyphemus
 39172 | Shoals:3 | Killed Polyphemus
 39260 | Shoals:3 | Noticed Bai Suzhen
 39345 | Shoals:2 | Killed Bai Suzhen
 39583 | Shoals:3 | Noticed Nikola
 39620 | Shoals:3 | Killed Nikola
 40145 | Shoals:4 | Entered Level 4 of the Shoals
 40188 | Shoals:4 | Reached XP level 21. HP: 142/168 MP: 32/42
 40239 | Shoals:4 | Got a sparkling marble ring
 40330 | Shoals:4 | Reached skill level 15 in Necromancy
 40829 | Shoals:4 | Identified the Reference Book on Unstable Evil
 41078 | Shoals:4 | Got a barnacled rune of Zot
 41615 | D:8      | Identified the ring "Ratogod" {*Contam Str+2 Int+8 Slay-5
                  | Stlth-} (You found it on level 4 of the Shoals)
 41750 | Vaults:1 | Entered Level 1 of the Vaults
 43734 | Vaults:2 | Reached XP level 22. HP: 174/174 MP: 44/44
 43752 | Vaults:2 | Noticed Donald
 43767 | Vaults:2 | Killed Donald
 43781 | Vaults:2 | Reached skill level 10 in Transmutations
 44364 | Vaults:3 | Found a staircase to the Crypt.
 44791 | Vaults:3 | Got a pair of heavily runed boots
 44897 | Vaults:3 | Identified the cursed -4 pair of boots of Busoak {Harm
                  | *Slow Str-5 Int+8} (You found it on level 3 of the Vaults)
 44914 | Vaults:3 | Got a warped iron ring
 44924 | Vaults:3 | Identified the ring "Muajemn Nimi" {Wiz +Blink Dex+5} (You
                  | found it on level 3 of the Vaults)
 45419 | Vaults:4 | Noticed Mennas
 45503 | Vaults:4 | Killed Mennas
 45503 | Vaults:4 | Reached XP level 23. HP: 116/181 MP: 0/45
 45838 | Vaults:4 | Noticed Boris
 45849 | Vaults:4 | Killed Boris
 46110 | Vaults:4 | Noticed Sojobo
 46117 | Vaults:4 | Killed Sojobo
 46241 | Vaults:4 | Learned a level 8 spell: Necromutation
 46503 | Vaults:4 | Reached skill level 15 in Transmutations
 47198 | Elf:1    | Entered Level 1 of the Elven Halls
 47385 | Elf:1    | Identified the Papyrus of Indecent Exposure
 47651 | Elf:1    | Identified the cursed -2 buckler of Xom's Inspiration {rF+
                  | rC- rCorr}
 48035 | Elf:2    | Reached XP level 24. HP: 148/189 MP: 20/45
 48304 | Elf:2    | Found a runed translucent gate.
 48305 | Elf:2    | Found a runed translucent gate.
 48306 | Elf:2    | Found a runed translucent gate.
 48792 | Elf:3    | Entered Level 3 of the Elven Halls
 49650 | Elf:3    | Identified a scroll of acquirement
 49675 | Elf:3    | Got a crude hunting sling
 49684 | Elf:3    | Identified the +6 hunting sling of Purpose {flame, MR++
                  | Str-3} (You found it on level 3 of the Elven Halls)
 49695 | Elf:3    | Got a crude lead amulet
 49698 | Elf:3    | Identified the Grimoire of Destructive Translocation
 49758 | Elf:3    | Identified the cursed +1 mace of Byuwapha {elec, rF++ rC+}
 49850 | Elf:3    | Got an ancient whip
 49952 | Elf:3    | Identified the Guide on Cankerous Evil
 49997 | Elf:3    | Identified the +8 whip of Causality {venom, Fragile rF++
                  | rC+ Str+2 Int+2} (You found it on level 3 of the Elven
                  | Halls)
 50157 | D:8      | Identified the amulet of Dipyder {Spirit rF- rN+ Dex+2}
                  | (You found it on level 3 of the Elven Halls)
 50397 | Crypt:1  | Entered Level 1 of the Crypt
 50417 | Crypt:1  | Learned a level 9 spell: Shatter
 51607 | Crypt:2  | Noticed Frederick
 51618 | Crypt:2  | Killed Frederick
 51618 | Crypt:2  | Reached XP level 25. HP: 168/194 MP: 34/46
 52024 | Crypt:2  | Reached skill level 15 in Spellcasting
 52213 | Crypt:3  | Entered Level 3 of the Crypt
 52430 | Crypt:3  | Got a pitted spear
 52593 | Crypt:3  | Identified the +10 spear "Qeocyr" {flame, Str-5 Int+2
                  | Dex+4} (You found it on level 3 of the Crypt)
 52768 | Crypt:3  | Got a shimmering spear
 52771 | Crypt:3  | Identified the +6 spear of Juap {vorpal, rPois rC- Stlth+}
                  | (You found it on level 3 of the Crypt)
 52984 | Crypt:3  | Found an ancient bone altar of Kikubaaqudgha.
 52986 | Crypt:3  | Noticed an ancient lich
 52995 | Crypt:3  | Killed an ancient lich
 53033 | Crypt:3  | Noticed an ancient lich
 53038 | Crypt:3  | Killed an ancient lich
 53055 | Crypt:3  | Learned a level 5 spell: Aura of Abjuration
 53092 | Crypt:3  | Identified the Reference Book on Necromancy
 53095 | Crypt:3  | Got an ebony falchion
 53097 | Crypt:3  | Got a faintly glowing silver ring
 53114 | Crypt:3  | Identified the +8 falchion of Wylax {drain, Dex+9} (You
                  | found it on level 3 of the Crypt)
 53120 | Crypt:3  | Identified the ring "Rotunaic" {*Drain +Fly rElec EV+4
                  | Dex+4} (You found it on level 3 of the Crypt)
 53436 | Crypt:3  | Found a staircase to the Tomb.
 53574 | Crypt:3  | Identified the Papyrus of Evil Earth
 53963 | Tomb:1   | Entered Level 1 of the Tomb of the Ancients
 54055 | Tomb:1   | Reached skill level 5 in Summonings
 54234 | Tomb:1   | Identified the +6 dagger of Voadd {freeze, rElec rPois
                  | rN+++ Str-5}
 54238 | Tomb:1   | Noticed a greater mummy
 54248 | Tomb:1   | Noticed a greater mummy
 54400 | Tomb:1   | Killed a greater mummy
 54403 | Tomb:1   | Killed a greater mummy
 54403 | Tomb:1   | Reached XP level 26. HP: 186/202 MP: 7/46
 55352 | Tomb:1   | Noticed a greater mummy
 55352 | Tomb:1   | Noticed a greater mummy
 55360 | Tomb:1   | Noticed a greater mummy
 55365 | Crypt:3  | Killed a greater mummy
 55392 | Tomb:1   | Noticed a greater mummy
 55393 | Tomb:1   | Noticed a greater mummy
 55400 | Tomb:1   | Killed a greater mummy
 55412 | Crypt:3  | Killed a greater mummy
 55412 | Crypt:3  | Killed a greater mummy
 55455 | Tomb:1   | Noticed a greater mummy
 55460 | Tomb:1   | Killed a greater mummy
 55465 | Tomb:1   | Killed a greater mummy
 55467 | Tomb:1   | Noticed a greater mummy
 55478 | Tomb:1   | Killed a greater mummy
 55541 | Tomb:1   | Noticed a greater mummy
 55552 | Tomb:1   | Killed a greater mummy
 55569 | Tomb:1   | Noticed a greater mummy
 55581 | Tomb:1   | Killed a greater mummy
 55584 | Tomb:1   | Noticed a greater mummy
 55604 | Tomb:1   | Killed a greater mummy
 55641 | Tomb:1   | Noticed a greater mummy
 55650 | Tomb:1   | Killed a greater mummy
 55835 | Tomb:1   | Noticed a greater mummy
 55842 | Tomb:1   | Killed a greater mummy
 55883 | Tomb:1   | Noticed a greater mummy
 55890 | Tomb:1   | Killed a greater mummy
 55891 | Tomb:1   | Noticed a greater mummy
 55906 | Tomb:1   | Killed a greater mummy
 56279 | Vaults:5 | Entered Level 5 of the Vaults
 56281 | Vaults:5 | Reached XP level 27. HP: 209/209 MP: 28/46
 56343 | Vaults:5 | Noticed an ancient lich
 56494 | Vaults:5 | Killed an ancient lich
 56501 | Vaults:5 | Identified the +1 battleaxe of Laceration {vorpal, rC-
                  | rN++}
 56648 | Vaults:5 | Noticed Jory
 56651 | Vaults:5 | Killed Jory
 57060 | Vaults:5 | Got an ancient crystal amulet
 57154 | Vaults:5 | Got a silver rune of Zot
 57481 | Vaults:5 | Got a faintly glowing crystal amulet
 57740 | Vaults:5 | Identified the Incunabulum of the Firefly
 57755 | Vaults:5 | Identified the Almanac of the Blaze
 57910 | Vaults:5 | Got a smouldering trident
 57911 | Vaults:5 | Identified the +5 trident of Demand {vamp, *Rage rElec
                  | rPois Int+4} (You found it on level 5 of the Vaults)
 58206 | Tomb:1   | Identified the amulet "Rassu" {RegenMP rC+ Str+3 Slay+2
                  | Stlth+} (You found it on level 5 of the Vaults)
 58208 | Tomb:1   | Identified the amulet "Ylokhlamach" {Inacc rC+ rN+ Dex-5}
                  | (You found it on level 5 of the Vaults)
 58228 | Tomb:1   | Learned a level 8 spell: Chain Lightning
 58309 | Tomb:2   | Noticed a greater mummy
 58309 | Tomb:2   | Noticed Boris
 58311 | Tomb:2   | Noticed a greater mummy
 58312 | Tomb:2   | Noticed a greater mummy
 58313 | Tomb:2   | Noticed a greater mummy
 58317 | Tomb:2   | Killed Boris
 58322 | Tomb:2   | Killed a greater mummy
 58322 | Tomb:2   | Reached skill level 27 in Earth Magic
 58322 | Tomb:2   | Killed a greater mummy
 58323 | Tomb:2   | Killed a greater mummy
 58323 | Tomb:2   | Killed a greater mummy
 59184 | Tomb:3   | Entered Level 3 of the Tomb of the Ancients
 59239 | Tomb:3   | Noticed a greater mummy
 59248 | Tomb:3   | Killed a greater mummy
 59248 | Tomb:3   | Reached skill level 10 in Air Magic
 59248 | Tomb:3   | Noticed a greater mummy
 59258 | Tomb:3   | Noticed an ancient lich
 59266 | Tomb:3   | Killed an ancient lich
 59268 | Tomb:3   | Killed a greater mummy
 59284 | Tomb:3   | Noticed an ancient lich
 59289 | Tomb:3   | Noticed a greater mummy
 59293 | Tomb:3   | Killed an ancient lich
 59298 | Tomb:3   | Noticed a greater mummy
 59307 | Tomb:3   | Killed a greater mummy
 59309 | Tomb:3   | Killed a greater mummy
 59311 | Tomb:3   | Noticed a greater mummy
 59321 | Tomb:3   | Noticed a greater mummy
 59338 | Tomb:3   | Killed a greater mummy
 59345 | Tomb:3   | Killed a greater mummy
 59552 | Tomb:3   | Found the +3 crown of Dyrovepreva {rElec Int+2 SInv}
 59591 | Tomb:3   | Got an ancient turquoise ring
 59838 | Tomb:3   | Noticed a greater mummy
 59848 | Tomb:3   | Killed a greater mummy
 59861 | Tomb:3   | Got a golden rune of Zot
 60032 | Tomb:3   | Got a faintly glowing hunting sling
 60081 | Tomb:3   | Identified the +8 hunting sling "Wyz Nasm" {freeze, rPois
                  | rC+ MR- Str+3} (You found it on level 3 of the Tomb of the
                  | Ancients)
 60087 | Tomb:3   | Identified the ring of Truth {rC+ MP+9 Str+6} (You found it
                  | on level 3 of the Tomb of the Ancients)
 60097 | Tomb:3   | Acquired 1770 gold pieces
 60119 | Tomb:3   | Bought a potion of curing for 123 gold pieces
 60119 | Tomb:3   | Bought a potion of mutation for 328 gold pieces
 60136 | Tomb:3   | Learned a level 2 spell: Shroud of Golubria
 60696 | Shoals:1 | Bought a book of the Tempests for 1050 gold pieces
 61410 | Zig:1    | Entered Level 1 of a ziggurat
 61445 | Zig:2    | Entered Level 2 of a ziggurat
 61460 | Zig:2    | Got a coiled tin amulet
 61464 | Zig:2    | Identified the amulet "Hemnusch" {Reflect rPois rF- Str+2
                  | Int+8 SH+5} (You found it on level 2 of a ziggurat)
 61480 | Zig:3    | Entered Level 3 of a ziggurat
 61522 | Zig:4    | Entered Level 4 of a ziggurat
 61523 | Zig:4    | Noticed Ucyab the pandemonium lord
 61537 | Zig:4    | Killed Ucyab the pandemonium lord
 61564 | Zig:4    | Got a wavering lead ring
 61589 | Zig:5    | Entered Level 5 of a ziggurat
 61643 | Zig:6    | Entered Level 6 of a ziggurat
 61646 | Zig:6    | Noticed a juggernaut
 61658 | Zig:6    | Killed a juggernaut
 61658 | Zig:6    | Reached skill level 15 in Air Magic
 61679 | Zig:6    | Got a bound steel ring
 61701 | Zig:6    | Identified the ring of Katwotim {Ice Int+2} (You found it
                  | on level 4 of a ziggurat)
 61703 | Zig:6    | Identified the ring "Zuunos" {Ice *Drain rPois Str+6} (You
                  | found it on level 6 of a ziggurat)
 61711 | Zig:7    | Entered Level 7 of a ziggurat
 61805 | Zig:7    | Identified a +1 pair of boots of running (You found it on
                  | level 7 of a ziggurat)
 61823 | Zig:8    | Entered Level 8 of a ziggurat
 61891 | Zig:8    | Got an ivory hand crossbow
 61896 | Zig:8    | Identified the +0 hand crossbow "Talufreo" {speed, rElec}
                  | (You found it on level 8 of a ziggurat)
 62018 | Zig:9    | Entered Level 9 of a ziggurat
 62025 | Zig:9    | Noticed a greater mummy
 62026 | Zig:9    | Noticed a greater mummy
 62032 | Zig:9    | Noticed a greater mummy
 62041 | Zig:9    | Killed a greater mummy
 62041 | Zig:9    | Killed a greater mummy
 62052 | Zig:9    | Killed a greater mummy
 62210 | Zig:10   | Entered Level 10 of a ziggurat
 62217 | Zig:10   | Noticed an orb of fire
 62218 | Zig:10   | Found the ring of Phasing {EV+8}
 62246 | Zig:10   | Killed an orb of fire
 62272 | Zig:10   | Identified the Reference Book on Scorching Dark Magic
 62284 | Zig:10   | Got a fine lead ring
 62288 | Zig:10   | Got a faintly glowing amethyst amulet
 62310 | Zig:10   | Got a polished flail
 62314 | Zig:10   | Got a scorched morningstar
 62316 | Zig:10   | Identified the ring "Cunut" {*Drain rC+ MP+9 Int+3 Slay+5}
                  | (You found it on level 10 of a ziggurat)
 62319 | Zig:10   | Identified the amulet of Cufah {RegenMP rF+ rC+ Slay-4}
                  | (You found it on level 10 of a ziggurat)
 62323 | Zig:10   | Identified the cursed +3 flail of Yredelemnul's Hope
                  | {speed, Str+2} (You found it on level 10 of a ziggurat)
 62326 | Zig:10   | Identified the +4 morningstar "Julan" {venom, Str+4} (You
                  | found it on level 10 of a ziggurat)
 62432 | Zig:11   | Entered Level 11 of a ziggurat
 62501 | Zig:11   | Got a smoking steel ring
 62506 | Zig:11   | Got a fine ivory ring
 62554 | Zig:11   | Got a translucent bardiche
 62556 | Zig:11   | Identified the +9 bardiche "Cumnaod" {drain, rElec} (You
                  | found it on level 11 of a ziggurat)
 62570 | Zig:12   | Entered Level 12 of a ziggurat
 62640 | Zig:12   | Got a heavily runed silver ring
 62702 | Zig:12   | Learned a level 9 spell: Tornado
 62718 | Zig:13   | Entered Level 13 of a ziggurat
 62734 | Zig:13   | Reached skill level 1 in Translocations
 62736 | Zig:13   | Reached skill level 1 in Charms
 62831 | Zig:13   | Got a dazzling scythe
 62834 | Zig:13   | Got a crude quarterstaff
 62841 | Zig:13   | Identified the +10 quarterstaff of Seluv {flame, Fragile
                  | rF++ rC+ rN+} (You found it on level 13 of a ziggurat)
 62867 | Zig:13   | Identified the +8 scythe of the Howling Lamprey {holy, rF+
                  | Str+4 Int-5} (You found it on level 13 of a ziggurat)
 62878 | Zig:14   | Entered Level 14 of a ziggurat
 62888 | Zig:14   | Noticed a Killer Klown
 62910 | Zig:14   | Killed a Killer Klown
 62913 | Zig:14   | Noticed a Killer Klown
 62914 | Zig:14   | Noticed a Killer Klown
 62934 | Zig:14   | Killed a Killer Klown
 62937 | Zig:14   | Noticed a Killer Klown
 62945 | Zig:14   | Noticed a Killer Klown
 62969 | Zig:14   | Killed a Killer Klown
 62970 | Zig:14   | Killed a Killer Klown
 62970 | Zig:14   | Reached skill level 5 in Charms
 62982 | Zig:14   | Killed a Killer Klown
 62982 | Zig:14   | Reached skill level 5 in Translocations
 63001 | Zig:14   | Noticed Likitete the pandemonium lord
 63016 | Zig:14   | Killed Likitete the pandemonium lord
 63280 | Zig:14   | Identified the Reference Book on the Evil Glacier
 63297 | Zig:14   | Got a warped bronze ring
 63331 | Zig:14   | Identified the ring of Xanum {Ice rElec rPois MR+ Dex+2}
                  | (You found it on level 11 of a ziggurat)
 63333 | Zig:14   | Identified the ring of Wevvogar {Ice Int+3} (You found it
                  | on level 11 of a ziggurat)
 63335 | Zig:14   | Identified the ring "Notzy" {rPois rC+ rN+} (You found it
                  | on level 12 of a ziggurat)
 63337 | Zig:14   | Identified the ring "Ginail" {MR+ MP+9} (You found it on
                  | level 14 of a ziggurat)
 63350 | Zig:15   | Entered Level 15 of a ziggurat
 63530 | Zig:15   | Got a translucent war axe
 63532 | Zig:15   | Identified the cursed +3 war axe of Wounding {flame, +Blink
                  | Str+2} (You found it on level 15 of a ziggurat)
 63543 | Zig:16   | Entered Level 16 of a ziggurat
 63652 | Zig:16   | Identified the Tome of Protection
 63654 | Zig:16   | Identified the Incunabulum of the Birds and Evil Magic
 63715 | Zig:16   | Got a twisted lajatang
 63718 | Zig:16   | Got an ancient quarterstaff
 63729 | Zig:16   | Identified the cursed +1 quarterstaff of Joyful Slaughter
                  | {flame, +Inv Str+6 Int-3 SInv} (You found it on level 16 of
                  | a ziggurat)
 63732 | Zig:16   | Identified the +7 lajatang of the Enemy {vorpal, Str+2
                  | Dex+4} (You found it on level 16 of a ziggurat)
 63737 | Zig:16   | Lost mutation: You are partially covered in slimy green
                  | scales. (AC +2) [potion of mutation]
 63737 | Zig:16   | Gained mutation: You are dopey. (Int -2) [potion of
                  | mutation]
 63737 | Zig:16   | Gained mutation: Your spells are a little harder to cast,
                  | but a little more powerful. [potion of mutation]
 63738 | Zig:16   | Lost mutation: You are robust. (+10% HP) [potion of
                  | mutation]
 63738 | Zig:16   | Lost mutation: You are dopey. (Int -2) [potion of mutation]
 63738 | Zig:16   | Lost mutation: Potions are less effective at restoring your
                  | health. [potion of mutation]
 63738 | Zig:16   | Gained mutation: You possess an exceptional clarity of
                  | mind. [potion of mutation]
 63738 | Zig:16   | Gained mutation: You are somewhat resistant to further
                  | mutation. [potion of mutation]
 63761 | Zig:17   | Entered Level 17 of a ziggurat
 63776 | Zig:17   | Noticed a greater mummy
 63778 | Zig:17   | Noticed a greater mummy
 63779 | Zig:17   | Noticed a greater mummy
 63783 | Zig:17   | Killed a greater mummy
 63783 | Zig:17   | Killed a greater mummy
 63795 | Zig:17   | Killed a greater mummy
 63904 | Zig:17   | Identified the Guide on Ashen Augmentations
 63908 | Zig:17   | Identified the Tome of Twisted Moulding
 64000 | Zig:18   | Entered Level 18 of a ziggurat
 64174 | Zig:18   | Got a scintillating pewter ring
 64238 | Zig:18   | Got a shimmering flail
 64243 | Zig:18   | Got a faintly humming chain mail
 64245 | Zig:18   | Got a fine hunting sling
 64250 | Zig:18   | Identified the +9 hunting sling of Corporal Punishment
                  | {speed, rF++ rC+ Dex-2} (You found it on level 18 of a
                  | ziggurat)
 64253 | Zig:18   | Identified the +5 flail of Lylang {vorpal, Dex+5} (You
                  | found it on level 18 of a ziggurat)
 64258 | Zig:18   | Identified the ring "Yvida Geapt" {Ice *Contam +Inv Int+4
                  | SInv} (You found it on level 18 of a ziggurat)
 64261 | Zig:18   | Acquired 1920 gold pieces
 64262 | Zig:18   | Acquired 620 gold pieces
 64281 | Zig:19   | Entered Level 19 of a ziggurat
 64413 | Zig:19   | Got a flickering bone ring
 64489 | Zig:19   | Got a buzzing mace
 64495 | Zig:19   | Identified the +11 mace "Nobat" {holy, Str+7} (You found it
                  | on level 19 of a ziggurat)
 64498 | Zig:19   | Identified the ring of Eqokloar {*Tele *Drain Int+3 Stlth+}
                  | (You found it on level 19 of a ziggurat)
 64507 | Zig:20   | Entered Level 20 of a ziggurat
 64597 | Zig:20   | Found the -2 hat of the Alchemist {rElec rPois rF+ rC+ rN+
                  | MR+ rMut rCorr}
 64653 | Zig:20   | Identified Febots's Tome of Fiery Aid
 64656 | Zig:20   | Identified the Guide on Unstable Stones
 64778 | Zig:20   | Got a bloodstained great sword
 64783 | Zig:20   | Identified the cursed +2 great sword of Puqycir {speed,
                  | rElec MP-9 Str-2 Stlth+} (You found it on level 20 of a
                  | ziggurat)
 64797 | Zig:21   | Entered Level 21 of a ziggurat
 65018 | Zig:21   | Got a crude pewter ring
 65105 | Zig:21   | Got a scorched fustibalus
 65107 | Zig:21   | Identified the cursed +3 fustibalus of Fimbulwinter
                  | {freeze, *Contam rF+ Str+3} (You found it on level 21 of a
                  | ziggurat)
 65349 | Zig:21   | Identified the ring of No Interval {+Fly rC+ MR+} (You
                  | found it on level 21 of a ziggurat)
 65360 | Zig:22   | Entered Level 22 of a ziggurat
 65373 | Zig:22   | Noticed a shard shrike
 65376 | Zig:22   | Noticed a shard shrike
 65378 | Zig:22   | Noticed a shard shrike
 65381 | Zig:22   | Killed a shard shrike
 65382 | Zig:22   | Killed a shard shrike
 65382 | Zig:22   | Killed a shard shrike
 65511 | Zig:22   | Got a clouded bronze ring
 65513 | Zig:22   | Got a coiled lead ring
 65518 | Zig:22   | Got a fine steel ring
 65629 | Zig:22   | Got a sapphire flail
 65635 | Zig:22   | Identified the +7 flail of the Absolute Madman {flame,
                  | *Slow +Rage rElec MP+9} (You found it on level 22 of a
                  | ziggurat)
 65638 | Zig:22   | Identified the ring "Olaiwny" {rElec Str+4 Dex-4 SInv
                  | Stlth-} (You found it on level 22 of a ziggurat)
 65640 | Zig:22   | Identified the ring of Carphiu {Fire *Slow rN+++ Int+8
                  | Dex-4} (You found it on level 22 of a ziggurat)
 65642 | Zig:22   | Identified the cursed ring "Fomu" {MP+9 Str-5 Int-4 Dex+6}
                  | (You found it on level 22 of a ziggurat)
 65656 | Zig:23   | Entered Level 23 of a ziggurat
 65680 | Zig:23   | Noticed Cuxonuc the pandemonium lord
 65680 | Zig:23   | Noticed Tuuxtiot the pandemonium lord
 65680 | Zig:23   | Noticed a Killer Klown
 65680 | Zig:23   | Noticed Xiduder the pandemonium lord
 65681 | Zig:23   | Noticed Wiysa the pandemonium lord
 65681 | Zig:23   | Noticed Wostrihue the pandemonium lord
 65681 | Zig:23   | Noticed Fianonia the pandemonium lord
 65702 | Zig:23   | Noticed Mijyfatz the pandemonium lord
 65712 | Zig:23   | Killed Tuuxtiot the pandemonium lord
 65715 | Zig:23   | Killed a Killer Klown
 65722 | Zig:23   | Killed Mijyfatz the pandemonium lord
 65725 | Zig:23   | Killed Cuxonuc the pandemonium lord
 65730 | Zig:23   | Killed Fianonia the pandemonium lord
 65734 | Zig:23   | Noticed Boes the pandemonium lord
 65741 | Zig:23   | Killed Boes the pandemonium lord
 65742 | Zig:23   | Noticed Icrujeph the pandemonium lord
 65743 | Zig:23   | Noticed a Killer Klown
 65745 | Zig:23   | Noticed a Killer Klown
 65747 | Zig:23   | Noticed Paife the pandemonium lord
 65747 | Zig:23   | Noticed a Killer Klown
 65748 | Zig:23   | Noticed a Killer Klown
 65754 | Zig:23   | Killed Icrujeph the pandemonium lord
 65756 | Zig:23   | Killed a Killer Klown
 65759 | Zig:23   | Noticed Xus Pumo the pandemonium lord
 65760 | Zig:23   | Killed a Killer Klown
 65762 | Zig:23   | Noticed Atwulipn the pandemonium lord
 65762 | Zig:23   | Noticed a Killer Klown
 65764 | Zig:23   | Killed a Killer Klown
 65765 | Zig:23   | Killed Paife the pandemonium lord
 65765 | Zig:23   | Killed a Killer Klown
 65768 | Zig:23   | Killed Wostrihue the pandemonium lord
 65769 | Zig:23   | Noticed a Killer Klown
 65770 | Zig:23   | Noticed a Killer Klown
 65772 | Zig:23   | Killed Atwulipn the pandemonium lord
 65772 | Zig:23   | Killed Xiduder the pandemonium lord
 65773 | Zig:23   | Noticed Vehuwal the pandemonium lord
 65776 | Zig:23   | Killed Wiysa the pandemonium lord
 65778 | Zig:23   | Noticed a Killer Klown
 65785 | Zig:23   | Killed a Killer Klown
 65786 | Zig:23   | Killed Xus Pumo the pandemonium lord
 65789 | Zig:23   | Killed a Killer Klown
 65795 | Zig:23   | Killed a Killer Klown
 65797 | Zig:23   | Killed Vehuwal the pandemonium lord
 65797 | Zig:23   | Noticed Cuakkir the pandemonium lord
 65815 | Zig:23   | Killed a Killer Klown
 65828 | Zig:23   | Killed Cuakkir the pandemonium lord
 65848 | Zig:23   | Noticed Elom the pandemonium lord
 65864 | Zig:23   | Killed Elom the pandemonium lord
 65995 | Zig:23   | Identified Zaiv's Incunabulum of Calling and Black Magic
 66012 | Zig:23   | Identified the Papyrus of Orientation and Hexes
 66183 | Zig:24   | Entered Level 24 of a ziggurat
 66217 | Zig:24   | Found the ring of the Octopus King
 66218 | Zig:24   | Found the cursed +14 obsidian axe {vorpal, +Fly SInv
                  | *Curse}
 66325 | Zig:24   | Got a ring of the Octopus King
 66326 | Zig:24   | Identified Beowoamn's Tome of Congealing Flight
 66352 | Zig:24   | Got a steaming bronze ring
 66421 | Zig:24   | Identified a ring of the Octopus King {rCorr AC+1 EV+1
                  | Str+1 Int+1 Dex+1} (You found it on level 24 of a ziggurat)
 66425 | Zig:24   | Identified the ring of the Omega Point {*Contam rPois MR-
                  | Dex+6 SInv} (You found it on level 24 of a ziggurat)
 66461 | Zig:25   | Entered Level 25 of a ziggurat
 66503 | Zig:25   | Reached skill level 27 in Air Magic
 66697 | Zig:25   | Identified the Compendium of Supportive Poison
 66705 | Zig:25   | Identified the Grimoire of Excruciating Envenoming
 66720 | Zig:25   | Identified the Collected Works on Lucky Flames
 66726 | Zig:25   | Got a sparkling tin ring
 66885 | Zig:25   | Identified the ring "Giuveble" {rF++ rC+} (You found it on
                  | level 25 of a ziggurat)
 66899 | Zig:25   | Got an ebony hand axe
 66900 | Zig:25   | Identified the +9 hand axe of Regicide {venom, rF+ Str+3
                  | Stlth+} (You found it on level 25 of a ziggurat)
 66903 | Zig:25   | Acquired 760 gold pieces
 66920 | Zig:25   | Got an ivory broad axe
 66921 | Zig:25   | Identified the +6 broad axe of Turmoil {speed, rC+ Int+2
                  | Dex+2 Stlth+} (You found it on level 25 of a ziggurat)
 66933 | Zig:26   | Entered Level 26 of a ziggurat
 66947 | Zig:26   | Noticed a juggernaut
 66950 | Zig:26   | Noticed a juggernaut
 66959 | Zig:26   | Killed a juggernaut
 66960 | Zig:26   | Killed a juggernaut
 66963 | Zig:26   | Noticed a juggernaut
 66965 | Zig:26   | Noticed a juggernaut
 66967 | Zig:26   | Noticed a juggernaut
 66971 | Zig:26   | Noticed a juggernaut
 66974 | Zig:26   | Killed a juggernaut
 66974 | Zig:26   | Killed a juggernaut
 66975 | Zig:26   | Noticed a juggernaut
 66982 | Zig:26   | Killed a juggernaut
 66986 | Zig:26   | Killed a juggernaut
 66986 | Zig:26   | Noticed a juggernaut
 66988 | Zig:26   | Killed a juggernaut
 67004 | Zig:26   | Killed a juggernaut
 67246 | Zig:26   | Got a transparent jade ring
 67248 | Zig:26   | Got a scintillating platinum amulet
 67332 | Zig:26   | Got a crude shortbow
 67335 | Zig:26   | Got an ichor-stained battleaxe
 67337 | Zig:26   | Identified the +6 shortbow of the Beast {vorpal, rN+
                  | Stlth+} (You found it on level 26 of a ziggurat)
 67339 | Zig:26   | Identified the +4 battleaxe of the Distant Future {vorpal,
                  | rPois rC+ Str+4 Dex-4} (You found it on level 26 of a
                  | ziggurat)
 67343 | Zig:26   | Got an encrusted rapier
 67344 | Zig:26   | Identified the +9 rapier "Plog" {vorpal, rN+ MR- Str+4
                  | Int+5} (You found it on level 26 of a ziggurat)
 67368 | Zig:27   | Entered Level 27 of a ziggurat
 67393 | Zig:27   | Reached skill level 10 in Dodging
 67524 | Zig:27   | Found the +3 hat of Pondering {ponderous, MR+ MP+10 Int+5}
 67672 | Zig:27   | Got a faintly glowing brass ring
 67676 | Zig:27   | Got a pitted pewter ring
 67684 | Zig:27   | Identified the ring "Ronidghyu" {SInv Stlth+} (You found it
                  | on level 26 of a ziggurat)
 67686 | Zig:27   | Identified the amulet of Knowledge {Faith rC+ rN+ SInv}
                  | (You found it on level 26 of a ziggurat)
 67688 | Zig:27   | Identified the ring of Yredelemnul's Hatred {rC++ AC+4
                  | Stlth-} (You found it on level 27 of a ziggurat)
 67690 | Zig:27   | Identified the ring of Xom's Capriciousness {rF+ rC+ rN+
                  | SInv} (You found it on level 27 of a ziggurat)
 67697 | Zig:27   | Identified Xirphaitt's Guide on Transmigration and
                  | Enchantment
 67704 | Zig:27   | Got a heavily runed silver ring
 67787 | Zig:27   | Identified the ring of Utilybb {rElec rPois rC+ MR- Stlth+}
                  | (You found it on level 27 of a ziggurat)
 67837 | Zig:1    | Entered Level 1 of a ziggurat
 67869 | Zig:2    | Entered Level 2 of a ziggurat
 67870 | Zig:2    | Noticed a Killer Klown
 67870 | Zig:2    | Noticed a Killer Klown
 67875 | Zig:2    | Killed a Killer Klown
 67884 | Zig:2    | Killed a Killer Klown
 67916 | Zig:3    | Entered Level 3 of a ziggurat
 67971 | Zig:4    | Entered Level 4 of a ziggurat
 68019 | Zig:4    | Got a scintillating copper ring
 68051 | Zig:5    | Entered Level 5 of a ziggurat
 68124 | Zig:6    | Entered Level 6 of a ziggurat
 68215 | Zig:7    | Entered Level 7 of a ziggurat
 68221 | Zig:7    | Noticed Unotaupn the pandemonium lord
 68239 | Zig:7    | Killed Unotaupn the pandemonium lord
 68292 | Zig:8    | Entered Level 8 of a ziggurat
 68672 | Zig:8    | Got a wavering platinum ring
 68683 | Zig:8    | Got a brightly glowing battleaxe
 68685 | Zig:8    | Identified the ring "Efraz" {Str+3 Dex+6 Slay+3} (You found
                  | it on level 4 of a ziggurat)
 68687 | Zig:8    | Identified the ring of Curiosity {*Tele +Inv rElec Dex+7}
                  | (You found it on level 8 of a ziggurat)
 68690 | Zig:8    | Identified the +6 battleaxe of Joyful Slaughter {freeze,
                  | Int+5} (You found it on level 8 of a ziggurat)
 68692 | Zig:8    | Acquired 830 gold pieces
 68705 | Zig:9    | Entered Level 9 of a ziggurat
 68823 | Zig:10   | Entered Level 10 of a ziggurat
 68830 | Zig:10   | Noticed a greater mummy
 68833 | Zig:10   | Noticed a greater mummy
 68833 | Zig:10   | Noticed a greater mummy
 68842 | Zig:10   | Killed a greater mummy
 68849 | Zig:10   | Killed a greater mummy
 68849 | Zig:10   | Reached skill level 15 in Armour
 68852 | Zig:10   | Killed a greater mummy
 68852 | Zig:10   | Reached skill level 15 in Fighting
 68911 | Zig:10   | Identified Sif Muna's Papyrus of Poisoning and
                  | Transformation
 68958 | Zig:11   | Entered Level 11 of a ziggurat
 69019 | Zig:11   | Got a scintillating pewter amulet
 69086 | Zig:11   | Identified the amulet "Giby" {Faith Dex+5} (You found it on
                  | level 11 of a ziggurat)
 69092 | Zig:11   | Learned a level 3 spell: Ozocubu's Armour
 69100 | Zig:11   | Learned a level 6 spell: Darkness
 69105 | Zig:12   | Entered Level 12 of a ziggurat
 69116 | Zig:12   | Noticed an ancient lich
 69117 | Zig:12   | Reached skill level 1 in Hexes
 69117 | Zig:12   | Reached skill level 1 in Ice Magic
 69121 | Zig:12   | Killed an ancient lich
 69236 | Zig:13   | Entered Level 13 of a ziggurat
 69248 | Zig:13   | Noticed Vuhud the pandemonium lord
 69249 | Zig:13   | Noticed a Killer Klown
 69249 | Zig:13   | Noticed Deosae the pandemonium lord
 69250 | Zig:13   | Noticed Nusoqije the pandemonium lord
 69250 | Zig:13   | Noticed Zant the pandemonium lord
 69251 | Zig:13   | Noticed a Killer Klown
 69255 | Zig:13   | Noticed Deyc the pandemonium lord
 69256 | Zig:13   | Killed a Killer Klown
 69261 | Zig:13   | Killed Vuhud the pandemonium lord
 69262 | Zig:13   | Killed Zant the pandemonium lord
 69263 | Zig:13   | Killed a Killer Klown
 69263 | Zig:13   | Killed Deosae the pandemonium lord
 69264 | Zig:13   | Killed Deyc the pandemonium lord
 69264 | Zig:13   | Reached skill level 5 in Hexes
 69266 | Zig:13   | Killed Nusoqije the pandemonium lord
 69375 | Zig:14   | Entered Level 14 of a ziggurat
 69417 | Zig:14   | Reached skill level 5 in Ice Magic
 69456 | Zig:14   | Found the +7 lajatang of Order {silver, rMut}
 69519 | Zig:14   | Identified The Volume of Greatest Risks and Utility
 69596 | Zig:15   | Entered Level 15 of a ziggurat
 69823 | Zig:15   | Got a faintly glowing garnet amulet
 69848 | Zig:15   | Got a scorched demon blade
 69851 | Zig:15   | Got a slimy war axe
 69853 | Zig:15   | Identified the +5 war axe of Fistyeso {freeze, rF++ rN+
                  | Str-4} (You found it on level 15 of a ziggurat)
 69856 | Zig:15   | Identified the +9 demon blade "Agaepeon" {flame, Int+3}
                  | (You found it on level 15 of a ziggurat)
 69877 | Zig:16   | Entered Level 16 of a ziggurat
 69887 | Zig:16   | Noticed an ancient lich
 69892 | Zig:16   | Killed an ancient lich
 70021 | Zig:16   | Identified the Reference Book on the Floating Frostbite
 70032 | Zig:16   | Identified the Grimoire of Helpful Poison
 70037 | Zig:16   | Got a twisted arbalest
 70039 | Zig:16   | Identified the +8 arbalest of Invincibility {elec, rN++
                  | MP+9} (You found it on level 16 of a ziggurat)
 70052 | Zig:17   | Entered Level 17 of a ziggurat
 70096 | Zig:17   | Found the +3 giant club "Skullcrusher" {speed, Str+7}
 70222 | Zig:17   | Got a steaming ivory ring
 70261 | Zig:18   | Entered Level 18 of a ziggurat
 70283 | Zig:18   | Identified the +0 buckler of Greater Demons {rF- Dex+5}
 70284 | Zig:18   | Reached skill level 10 in Hexes
 70291 | Zig:18   | Noticed Raaph the pandemonium lord
 70314 | Zig:18   | Killed Raaph the pandemonium lord
 70349 | Zig:18   | Found the +2 robe of Vines {NoPotionHeal Regen+7}
 70396 | Zig:18   | Identified the Reference Book on the Oath and Combat Magic
 70470 | Zig:18   | Got a slimy war axe
 70478 | Zig:18   | Identified the +7 war axe of the Illusory Xenops {pain,
                  | Str+4 Stlth+} (You found it on level 18 of a ziggurat)
 70482 | Zig:18   | Got a shimmering lajatang
 70483 | Zig:18   | Identified the +4 lajatang of Living Cruel Justice {vorpal,
                  | rElec Int-2 Dex+9 SInv} (You found it on level 18 of a
                  | ziggurat)
 70488 | Zig:18   | Identified the amulet "Koxten" {Reflect MR+ Str+2 SH+5}
                  | (You found it on level 15 of a ziggurat)
 70490 | Zig:18   | Identified the ring of Caliz {+Fly rElec Dex+6 SInv} (You
                  | found it on level 17 of a ziggurat)
 70499 | Zig:19   | Entered Level 19 of a ziggurat
 70532 | Zig:19   | Reached skill level 15 in Dodging
 70535 | Zig:19   | Reached skill level 5 in Bows
 70617 | Zig:19   | Identified the Incunabulum of the Evil Oath
 70711 | Zig:19   | Identified the Guide on the Unstable Frostbite
 70757 | Zig:19   | Got an ancient quarterstaff
 70759 | Zig:19   | Identified the +6 quarterstaff of Dithmenos's Respect
                  | {freeze, Dex+4} (You found it on level 19 of a ziggurat)
 70773 | Zig:20   | Entered Level 20 of a ziggurat
 70789 | Zig:20   | Noticed a greater mummy
 70789 | Zig:20   | Noticed a greater mummy
 70792 | Zig:20   | Noticed a greater mummy
 70792 | Zig:20   | Noticed a greater mummy
 70792 | Zig:20   | Noticed a greater mummy
 70794 | Zig:20   | Noticed a greater mummy
 70796 | Zig:20   | Noticed a greater mummy
 70796 | Zig:20   | Noticed a greater mummy
 70797 | Zig:20   | Noticed a greater mummy
 70798 | Zig:20   | Killed a greater mummy
 70798 | Zig:20   | Noticed a greater mummy
 70799 | Zig:20   | Killed a greater mummy
 70799 | Zig:20   | Killed a greater mummy
 70809 | Zig:20   | Killed a greater mummy
 70809 | Zig:20   | Killed a greater mummy
 70809 | Zig:20   | Killed a greater mummy
 70809 | Zig:20   | Killed a greater mummy
 70811 | Zig:20   | Killed a greater mummy
 70812 | Zig:20   | Killed a greater mummy
 70821 | Zig:20   | Killed a greater mummy
 70958 | Zig:20   | Got a coiled copper amulet
 70969 | Zig:20   | Got a slimy lapis lazuli ring
 70972 | Zig:20   | Identified the Reference Book on the Traveller and Flames
 71049 | Zig:20   | Got a fine spear
 71055 | Zig:20   | Identified the cursed +1 spear "Uvyazirph" {speed, SInv}
                  | (You found it on level 20 of a ziggurat)
 71070 | Zig:21   | Entered Level 21 of a ziggurat
 71108 | Zig:21   | Noticed Elequ the pandemonium lord
 71156 | Zig:21   | Killed Elequ the pandemonium lord
 71392 | Zig:21   | Identified the Grimoire of Unstable Evil Magic
 71397 | Zig:21   | Got a smoking wooden ring
 71405 | Zig:21   | Got a vibrating pewter ring
 71410 | Zig:21   | Identified the Guide on Flying Translocation
 71452 | Zig:21   | Identified the amulet of Oxagos {Acrobat rF+} (You found it
                  | on level 20 of a ziggurat)
 71454 | Zig:21   | Identified the ring "Pazen" {+Inv rC- Dex+6 Slay+3} (You
                  | found it on level 20 of a ziggurat)
 71561 | Zig:21   | Identified the ring of Alups {MP+9 Slay+2} (You found it on
                  | level 21 of a ziggurat)
 71563 | Zig:21   | Identified the ring of Kuecaoso {rElec rC+ MR+ Str+2} (You
                  | found it on level 21 of a ziggurat)
 71572 | Zig:22   | Entered Level 22 of a ziggurat
 71592 | Zig:22   | Noticed an ancient lich
 71594 | Zig:22   | Noticed an ancient lich
 71595 | Zig:22   | Noticed an ancient lich
 71597 | Zig:22   | Reached skill level 5 in Stealth
 71597 | Zig:22   | Killed an ancient lich
 71600 | Zig:22   | Reached skill level 10 in Bows
 71601 | Zig:22   | Killed an ancient lich
 71601 | Zig:22   | Killed an ancient lich
 71601 | Zig:22   | Noticed an ancient lich
 71603 | Zig:22   | Noticed an ancient lich
 71604 | Zig:22   | Noticed an ancient lich
 71609 | Zig:22   | Noticed an ancient lich
 71613 | Zig:22   | Noticed an ancient lich
 71615 | Zig:22   | Killed an ancient lich
 71616 | Zig:22   | Killed an ancient lich
 71620 | Zig:22   | Killed an ancient lich
 71620 | Zig:22   | Killed an ancient lich
 71629 | Zig:22   | Killed an ancient lich
 71751 | Zig:22   | Got a scintillating wooden ring
 71754 | Zig:22   | Got a twitching ivory ring
 71825 | Zig:22   | Got a smoking flail
 71831 | Zig:22   | Got a scorched arbalest
 71833 | Zig:22   | Got a brightly glowing shortbow
 71838 | Zig:22   | Identified the cursed +2 flail of Distraction {elec, rPois
                  | rN++ Int+4 Dex-2} (You found it on level 22 of a ziggurat)
 71842 | Zig:22   | Got a smoking hand crossbow
 71843 | Zig:22   | Identified the +7 hand crossbow of Disembowelment {elec,
                  | rPois Str+4} (You found it on level 22 of a ziggurat)
 71846 | Zig:22   | Identified the cursed +2 arbalest "Evasir" {elec, rN+ MR-
                  | SInv} (You found it on level 22 of a ziggurat)
 71849 | Zig:22   | Identified the ring "Bich" {rF+ rC+ Slay+2} (You found it
                  | on level 22 of a ziggurat)
 71851 | Zig:22   | Identified the ring "Toabb" {+Blink rC- Str+10 Slay+2
                  | Stlth+} (You found it on level 22 of a ziggurat)
 71853 | Zig:22   | Identified the +9 shortbow of Uncertain Death {freeze,
                  | *Slow rF+ Str+3 Stlth+} (You found it on level 22 of a
                  | ziggurat)
 71870 | Zig:23   | Entered Level 23 of a ziggurat
 71885 | Zig:23   | Noticed Haitsiopt's ghost (legendary DsGl)
 71885 | Zig:23   | Noticed Somiz's ghost (legendary FoFi)
 71886 | Zig:23   | Noticed Likado's ghost (legendary GnSk)
 71906 | Zig:23   | Noticed Huju's ghost (legendary HOFi)
 71907 | Zig:23   | Noticed BoringLoser's ghost (veteran TeAE)
 71911 | Zig:23   | Noticed swap's ghost (legendary DEFE)
 71911 | Zig:23   | Noticed scarywalker64's ghost (legendary GrEE)
 71912 | Zig:23   | Noticed reasonance's ghost (legendary HOMo)
 71914 | Zig:23   | Noticed MrChinwatt's ghost (legendary DsWn)
 71914 | Zig:23   | Noticed Jariy's ghost (veteran DDMo)
 71915 | Zig:23   | Killed Haitsiopt's ghost
 71917 | Zig:23   | HP: 8/224 [swap's ghost/tornado (18)]
 71919 | Zig:23   | Killed from afar by Somiz's ghost

Illustrated notes

Levels and vault maps discovered:
D:1:      lemuel_arrival_rhombus, layout_loops_cross
D:2:      layout_loops_ring, corexii_item_surrounded_by_moat, uniq_robin,
          uniq_crazy_yiuf_cottage
D:3:      layout_basic, grunt_gozag_statues, first_ration
D:4:      layout_rooms, minmay_temple_entry_antechambers
D:5:      layout_gridville, serial_shops, shop_fountains
D:6:      layout_cave_pools, gup_sewer_entry_glass, nicolae_ossuary_entry_plus
D:7:      layout_rooms, serial_shops, shop, wad_floor_pattern_1
D:8:      layout_loops_ring, minmay_lair_entry_grove, serial_shops,
          nicolae_shop_crystal, ebering_ghost_funeral_grove
D:9:      layout_loops_ring, uniq_erolcha, uniq_grum
D:10:     layout_long_grid, david_orc_5
D:11:     layout_loops_ring, uniq_urug, uniq_fannar, uniq_harold, uniq_erica
D:12:     layout_gridville
D:13:     layout_small_grid, lightli_vaults_fourway_checkpoint,
          portal_ice_cave_entry_imps, grunt_livestock, minmay_quadrilaterals
D:14:     layout_roguey [special_room_orc], hangedman_decor_cross_pass,
          door_vault
D:15:     grunt_enter_depths_snipers, layout_basic,
          hangedman_abyss_or_decor_clamps
Temple:   grunt_wide_crystal_templ
Lair:1:   layout_loops_ring
Lair:2:   layout_cave_pods
Lair:3:   layout_concentric_octagons, elwin_shoals_entry_rooms,
          guppyfry_snake_entry_garden, minivault_19, zaba_anthell
Lair:4:   layout_regular_city
Lair:5:   layout_layer_cave, wad_woods_river_01
Lair:6:   minmay_lair_end_frog_pond, layout_regular_city,
          minmay_slime_entry_pillars, uniq_josephine
Shoals:1: layout_shoals, serial_shops, shop_fountains, shop, shop, shop
Shoals:2: layout_shoals, serial_shops, shop
Shoals:3: layout_shoals, uniq_polyphemus, uniq_nikola, uniq_bai_suzhen
Shoals:4: shoals_end_grunt_garden, layout_shoals
Snake:1:  layout_layer_cave, nicolae_large_snake_swirl, uniq_asterion,
          uniq_frances, uniq_aizul
Snake:2:  layout_misc_corridors, ebering_ghost_disaster_area,
          hangedman_snake_pattern, minmay_shop_star, uniq_kirke
Snake:3:  layout_onion_interference, ebering_ghost_xom, uniq_roxanne
Snake:4:  grunt_snake_rune_pools, layout_onion_interference,
          gammafunk_ghost_grave, serial_shops, shop, nicolae_snake_horde_hoard,
          minmay_shoptagon
Orc:1:    layout_caves, gammafunk_ghost_grave
Orc:2:    st_orc_open, layout_caves, uniq_jorgrun
Elf:1:    layout_geoelf_octagon, minmay_elf_necromancy
Elf:2:    layout_geoelf_octagon, hex_medium, chequers_hall_statues_wall_a
Elf:3:    elf_hall_gauntlet_wide, layout_rooms
Vaults:1: vaults_dpeg_cross, nicolae_vaults_windows_and_doors_thing,
          ontoclasm_vaults_loading_screen, grunt_vaults_hallway_long, v_misc_9,
          nicolae_vaults_theta, nicolae_vaults_gold_heap,
          ontoclasm_vaults_fault, nicolae_vaults_little_squares_4,
          nicolae_vaults_border_crossing, layout_vaults_omnigrid
Vaults:2: vaults_mumra_hexcomb, ontoclasm_vaults_shuriken,
          hangedman_vaults_stretched_pinwheel, hangedman_vaults_stagger,
          vaults_room_semicircle, hangedman_vaults_hat,
          nicolae_vaults_mini_display_case, nicolae_vaults_little_squares_2,
          v_misc_14, hangedman_vaults_variations, v_misc_29,
          nicolae_vaults_little_ls, layout_vaults_omnibox, uniq_donald
Vaults:3: vaults_room_stairs_pillars, v_misc_1, nicolae_vaults_angled_halls,
          minmay_crypt_entry_simple_corners, v_rooms_5, vaults_room_fours,
          v_misc_1, nicolae_vaults_circle_grid_a, vaults_room_door_hall,
          vaults_room_grunt_arrival_checkpoint, vaults_room_pool,
          layout_vaults_big_room
Vaults:4: vaults_room_octagon, v_misc_26, vaults_mumra_hex, vaults_room_boxed,
          v_misc_5, nicolae_vaults_puzzle_piece, vaults_mumra_chevron,
          v_pattern_4, layout_vaults_maze_bifur, uniq_sojobo, uniq_mennas,
          uniq_boris
Vaults:5: serial_shops, uniq_jory
Crypt:1:  layout_catacombs
Crypt:2:  layout_regular_city, minivault_19, uniq_frederick
Crypt:3:  quadcrypt_mu
Tomb:1
Tomb:2
Tomb:3
Zig:23

Skill      XL: |  1  2  3  4  5  6  7  8  9 10 11 12 13 14 15 16 17 18 19 20 21 22 23 24 25 26 27 |
---------------+----------------------------------------------------------------------------------+-----
Conjurations   | 1 2 3 4 5 6 |  6.0
Fire Magic     | 1 3 5 |  5.0
Air Magic      | 1 2 5 27 | 27.0
Fighting       | 4 6 9 10 19 | 19.8
Armour         | 4 6 9 10 19 | 19.7
Dodging        | 4 5 6 7 16 | 16.6
Necromancy     | 3 9 10 12 14 16 18 19 | 19.0
Spellcasting   | 4 5 8 11 12 13 14 15 19 | 19.8
Shields        | 3 8 9 15 24 | 24.3
Polearms       | 2 |  2.0
Evocations     | 8 10 12 | 12.0
Earth Magic    | 4 13 15 17 18 20 23 27 | 27.0
Transmutations | 1 8 9 13 16 19 | 19.0
Summonings     | 8 |  8.0
Translocations | 5 |  5.0
Charms         | 8 |  8.0
Hexes          | 10 | 10.0
Ice Magic      | 8 |  8.0
Bows           | 11 | 11.6
Stealth        | 8 |  8.8

Action                   |  1- 3 |  4- 6 |  7- 9 | 10-12 | 13-15 | 16-18 | 19-21 | 22-24 | 25-27 || total
-------------------------+-------+-------+-------+-------+-------+-------+-------+-------+-------++-------
Melee: Unarmed           |     6 |       |       |       |       |     1 |       |       |       ||     7
       Club              |     2 |       |       |       |       |       |       |       |       ||     2
       Dagger            |       |    59 |    79 |   194 |    18 |   306 |   246 |       |       ||   902
       Kick              |       |       |    19 |   153 |   132 |       |       |       |       ||   304
       Falchion          |       |       |    30 |    11 |       |       |       |       |   167 ||   208
       Staff             |       |       |     3 |    10 |     5 |       |       |       |    14 ||    32
       Hand axe          |       |       |       |   197 |       |       |       |       |       ||   197
       Trident           |       |       |       |   274 |  1722 |   656 |    18 |    20 |     8 ||  2698
       Scimitar          |       |       |       |       |    17 |     7 |       |     6 |       ||    30
       Flail             |       |       |       |       |       |    11 |     4 |       |       ||    15
       Mace              |       |       |       |       |       |       |   317 |   557 |    95 ||   969
       Broad axe         |       |       |       |       |       |       |       |       |    31 ||    31
 Fire: Hunting sling     |    21 |   166 |   215 |    60 |    13 |    11 |    58 |     6 |       ||   550
       Hand crossbow     |       |       |       |     2 |       |       |       |       |       ||     2
Throw: Dart              |       |       |     8 |     3 |       |     6 |       |       |       ||    17
 Cast: Magic Dart        |    64 |    66 |    71 |    12 |    38 |     5 |       |       |       ||   256
       Mephitic Cloud    |       |     4 |    18 |    66 |    85 |    19 |    14 |     2 |       ||   208
       Conjure Flame     |       |     1 |    26 |    63 |   131 |    47 |    18 |     3 |       ||   289
       Dispel Undead     |       |       |       |    18 |    15 |    13 |    16 |    43 |   131 ||   236
       Sublimation of Bl |       |       |       |     3 |     4 |     9 |    40 |    17 |     4 ||    77
       Vampiric Draining |       |       |       |    15 |   108 |    50 |    29 |     9 |       ||   211
       Borgnjor's Vile C |       |       |       |       |       |    95 |   339 |   344 |   406 ||  1184
       Petrify           |       |       |       |       |       |     8 |       |       |       ||     8
       Bolt of Magma     |       |       |       |       |       |       |     4 |       |    13 ||    17
       Statue Form       |       |       |       |       |       |       |       |     2 |       ||     2
       Lee's Rapid Decon |       |       |       |       |       |       |       |     2 |       ||     2
       Necromutation     |       |       |       |       |       |       |       |    15 |   162 ||   177
       Aura of Abjuratio |       |       |       |       |       |       |       |       |     7 ||     7
       Shatter           |       |       |       |       |       |       |       |       |   297 ||   297
       Tornado           |       |       |       |       |       |       |       |       |    63 ||    63
       Ozocubu's Armour  |       |       |       |       |       |       |       |       |    13 ||    13
       Darkness          |       |       |       |       |       |       |       |       |     3 ||     3
       Shroud of Golubri |       |       |       |       |       |       |       |       |     2 ||     2
Invok: Receive Necronomi |       |       |       |       |     1 |       |       |       |       ||     1
       Renounce Religion |       |       |       |       |     1 |       |       |       |       ||     1
       Potion Petition   |       |       |       |       |     1 |     3 |       |     1 |    77 ||    82
       Call Merchant     |       |       |       |       |       |       |       |       |     7 ||     7
 Abil: Dig               |     3 |     5 |    11 |    44 |    49 |    14 |     9 |     6 |     2 ||   143
       Shaft Self        |       |       |       |       |     1 |       |       |       |       ||     1
       End Transformatio |       |       |       |       |       |       |       |     1 |    32 ||    33
Evoke: Wand              |       |       |     3 |     1 |    17 |     1 |       |     8 |     4 ||    34
       Box of beasts     |       |       |       |       |       |     1 |       |       |     8 ||     9
       Staff of energy   |       |       |       |       |       |       |       |    17 |  1322 ||  1339
       Phial of floods   |       |       |       |       |       |       |       |       |     2 ||     2
       Figurine of a zig |       |       |       |       |       |       |       |       |     2 ||     2
  Use: Scroll            |       |     7 |     6 |    11 |    17 |     6 |     3 |     9 |    65 ||   124
       Potion            |       |     1 |     2 |     2 |     4 |     3 |     1 |     7 |    20 ||    40
 Stab: Confused          |       |     2 |     3 |    19 |    55 |    10 |       |       |       ||    89
       Sleeping          |       |     1 |     1 |     1 |     4 |       |       |       |     4 ||    11
       Paralysed         |       |       |     7 |       |       |       |       |       |       ||     7
       Distracted        |       |       |       |     1 |     5 |     6 |     7 |     3 |     9 ||    31
       Petrified         |       |       |       |       |       |    28 |       |       |       ||    28
       Petrifying        |       |       |       |       |       |     2 |       |       |       ||     2
       Fleeing           |       |       |       |       |       |       |       |     1 |       ||     1
  Eat: Chunk             |     2 |    10 |    17 |    33 |    11 |       |       |       |       ||    73
       Ration            |       |       |       |     1 |    12 |     9 |    13 |     7 |     8 ||    50
Armor: Robe              |     5 |    24 |    56 |     9 |       |       |       |       |       ||    94
       Troll leather arm |       |       |       |   149 |   440 |   204 |   231 |   202 |   438 ||  1664
       Skin              |       |       |       |       |       |       |       |    12 |       ||    12
Dodge: Dodged            |    23 |    64 |   114 |   518 |  1169 |   606 |   417 |   369 |  1115 ||  4395
Block: Buckler           |       |       |       |    44 |   265 |       |       |       |       ||   309
       Kite shield       |       |       |       |       |   237 |   546 |    99 |       |       ||   882
       Tower shield      |       |       |       |       |       |       |   666 |   847 |  1416 ||  2929
       Rpst.: Falchion   |       |       |    14 |     8 |       |       |       |       |    67 ||    89
       Scimitar          |       |       |       |       |     6 |     1 |     2 |     2 |       ||    11
